 Dungeon Crawl Stone Soup version 0.24-a0-84-g25a2d9f (webtiles) character file.

Game seed: 3442393981328762085

959024 Lanoc the Blood Saint (level 27, -1/240 HPs)
             Began as a Demonspawn Wanderer on Feb 6, 2019.
             Was a Priest of Dithmenos.
             Killed from afar by a shard shrike (46 damage)
             ... with a shard of ice
             ... on level 7 of Cocytus on Feb 8, 2019.
             The game lasted 09:43:14 (115628 turns).

Lanoc the Blood Saint (Demonspawn Wanderer)       Turns: 115628, Time: 09:43:15

Health: -1/240     AC: 52    Str: 37    XL:     27
Magic:  0/46       EV: 16    Int: 18    God:    Dithmenos [***...]
Gold:   8094       SH: 35    Dex: 12    Spells: 26/56 levels left

rFire    + . .     SeeInvis +   J - +8 demon trident "Rift" {distort, reach+}
rCold    . . .     Gourm    .   j - +10 large shield of the Swamp {Int+4}
rNeg     + + .     Faith    .   b - +14 crystal plate armour "Wiahic" {rF+ Dex+2}
rPois    +         Spirit   +   (helmet unavailable)
rElec    .         Reflect  .   g - scarf {cloud immunity}
rCorr    +         Harm     .   e - +1 pair of gloves of Vedo {rF- Str+10 Dex-4 SInv}
MR       +++++     Clarity  +   i - +2 pair of boots {run}
Stlth    ++++......             L - amulet of the Four Winds {rN+ MR+++ Clar}
HPRegen  0.50/turn              Q - ring "Nodabex" {Wiz +Fly rPois rC-}
MPRegen  0.60/turn              f - ring of Weoghen {rF+ rN+ Dex+3 SInv}

@: flying (expiring), very slightly contaminated, wreathed by umbra, quick
A: antennae 3, yellow scales 3, camouflage 1, clumsy 1, cold resistance 1, high
mp 1, nightstalker 3, passive freeze, poison resistance, shaggy fur 1, strong 1,
magic shield, magic regeneration, magic link, freezing cloud immunity
}: 7/15 runes: decaying, slimy, silver, obsidian, bone, abyssal, gossamer
a: Shadow Step, Renounce Religion, Stop Flying


You were on level 7 of Cocytus.
You worshipped Dithmenos.
Dithmenos was most pleased with you.
You were very hungry.

You visited 16 branches of the dungeon, and saw 79 of its levels.
You visited the Abyss 4 times.
You completed 1 ziggurat, and saw 27 of its levels.
You also visited: Trove and Sewer.

You collected 11925 gold pieces.
You spent 3831 gold pieces at shops.

Inventory:

Hand Weapons
 n - the +12 Vampire's Tooth {vamp}
   (You found it on level 16 of a ziggurat)

   It inflicts no extra harm, but heals its wielder when it wounds a living foe.
 J - the +8 demon trident "Rift" (weapon) {distort, reach+}
   (You found it on level 2 of the Lair of Beasts)

   It warps and distorts space around it.
   Unwielding it can cause banishment or high damage.
Armour
 b - the +14 crystal plate armour "Wiahic" (worn) {rF+ Dex+2}
   (You acquired it on level 2 of the Vaults)

   It affects your dexterity (+2).
   It protects you from fire.
 e - the +1 pair of gloves of Vedo (worn) {rF- Str+10 Dex-4 SInv}
   (You found it on level 3 of the Depths)

   It affects your strength (+10).
   It affects your dexterity (-4).
   It makes you vulnerable to fire.
   It lets you see invisible.
 g - a scarf of cloud immunity (worn)
 i - a +2 pair of boots of running (worn)
 j - the +10 large shield of the Swamp (worn) {Int+4}
   (You acquired it on level 14 of the Dungeon)

   It affects your intelligence (+4).
Jewellery
 f - the ring of Weoghen (right hand) {rF+ rN+ Dex+3 SInv}
   (You found it on level 14 of a ziggurat)

   [ring of protection from fire]

   It affects your dexterity (+3).
   It protects you from fire.
   It protects you from negative energy.
   It lets you see invisible.
 v - the ring "Beiq" {rElec rF+ rN+ Dex+3}
   (You found it on level 6 of the Lair of Beasts)

   [ring of positive energy]

   It affects your dexterity (+3).
   It protects you from fire.
   It insulates you from electricity.
   It protects you from negative energy.
 L - the amulet of the Four Winds (around neck) {rN+ MR+++ Clar}
   (You found it on level 23 of a ziggurat)

   [amulet of nothing]

   It protects you from negative energy.
   It affects your resistance to hostile enchantments.
   It protects you against confusion.
 Q - the ring "Nodabex" (left hand) {Wiz +Fly rPois rC-}
   (You found it on level 5 of the Pits of Slime)

   [ring of wizardry]

   It improves your spell success rate.
   It makes you vulnerable to cold.
   It protects you from poison.
   It lets you fly.
Wands
 k - a wand of acid (42)
 C - a wand of digging (21)
 I - a wand of scattershot (14)
 Z - a wand of clouds (3)
Scrolls
 a - 17 scrolls of enchant armour
 h - 8 scrolls of fog
 l - a scroll of silence
 o - a scroll of immolation
 p - 11 scrolls of blinking
 r - 29 scrolls of remove curse
 s - 13 scrolls of teleportation
 u - 25 scrolls of enchant weapon
 E - 7 scrolls of summoning
 H - 12 scrolls of fear
Potions
 x - 5 potions of cancellation
 z - 5 potions of brilliance
 A - 13 potions of haste
 B - 4 potions of curing
 D - 11 potions of agility
 F - 3 potions of invisibility
 G - 4 potions of lignification
 K - 8 potions of magic
 N - 4 potions of might
 P - 11 potions of mutation
 S - 11 potions of resistance
Miscellaneous
 q - a +1 figurine of a ziggurat
 T - 9 boxes of beasts
 U - a lamp of fire
 V - 11 phantom mirrors
 W - 2 sacks of spiders
Comestibles
 c - a chunk of flesh
 d - 78 rations


   Skills:
 + Level 24.5 Fighting
 - Level 8.0 Short Blades
   Level 2.6 Maces & Flails
 - Level 15.0 Polearms
 - Level 20.0 Armour
 - Level 20.0 Dodging
 + Level 15.5 Stealth
 + Level 18.8 Shields
 - Level 15.0 Spellcasting
 - Level 12.5 Fire Magic
 * Level 12.7 Air Magic
 - Level 21.6 Earth Magic
 O Level 27 Invocations
 - Level 2.0 Evocations


You had 26 spell levels left.
You knew the following spells:

 Your Spells              Type           Power        Failure   Level  Hunger
a - Lee's Rapid Deconstr  Erth           ######....   1%          5    ####...
b - Shatter               Erth           ######....   98%         9    #######
c - Summon Butterflies    Summ           ##......     26%         1    None
d - Apportation           Tloc           ##....       26%         1    None
e - Bolt of Magma         Conj/Fire/Erth ######....   8%          5    ####...
f - Tornado               Air            ######....   100%        9    #######

Your spell library contained the following spells:

 Spells                   Type           Power        Failure   Level  Hunger
 Sandblast                Erth           ######       0%          1    None
 Passwall                 Tmut/Erth      ######..     1%          2    None
 Stone Arrow              Conj/Erth      ######       1%          3    None
 Airstrike                Air            ######....   1%          4    None
 Flame Tongue             Conj/Fire      #####        2%          1    None
 Shock                    Conj/Air       ####         2%          1    None
 Poisonous Vapours        Pois/Air       #####.       3%          2    None
 Swiftness                Chrm/Air       #####...     3%          2    None
 Throw Flame              Conj/Fire      #####.       3%          2    None
 Leda's Liquefaction      Hex/Erth       ######....   3%          4    None
 Petrify                  Tmut/Erth      ######..     3%          4    None
 Conjure Flame            Conj/Fire      #####...     6%          3    None
 Inner Flame              Hex/Fire       #####...     6%          3    None
 Static Discharge         Conj/Air       #####...     6%          3    None
 Borgnjor's Vile Clutch   Necr/Erth      ######....   10%         5    ####...
 Ignite Poison            Fire/Tmut/Pois ####....     16%         3    None
 Mephitic Cloud           Conj/Pois/Air  ####....     16%         3    None
 Summon Lightning Spire   Summ/Air       #####...     21%         4    None
 Animate Skeleton         Necr           N/A          26%         1    None
 Beastly Appendage        Tmut           ##....       26%         1    None
 Confusing Touch          Hex            ##....       26%         1    None
 Corona                   Hex            ##.....      26%         1    None
 Freeze                   Ice            ##..         26%         1    None
 Magic Dart               Conj           ##..         26%         1    None
 Pain                     Necr           ##..         26%         1    None
 Sting                    Conj/Pois      ##..         26%         1    None
 Summon Small Mammal      Summ           ##..         26%         1    None
 Blink                    Tloc           N/A          38%         2    None
 Call Imp                 Summ           ##......     38%         2    None
 Corpse Rot               Necr           N/A          38%         2    None
 Ensorcelled Hibernation  Hex/Ice        ##....       38%         2    None
 Searing Ray              Conj           ##....       38%         2    None
 Shroud of Golubria       Chrm/Tloc      ##........   38%         2    None
 Slow                     Hex            ##......     38%         2    None
 Song of Slaying          Chrm           ##......     38%         2    None
 Sticks to Snakes         Tmut           ##......     38%         2    None
 Sublimation of Blood     Necr           ##........   38%         2    None
 Throw Frost              Conj/Ice       ##....       38%         2    None
 Iron Shot                Conj/Erth      ######....   45%         6    #####..
 Statue Form              Tmut/Erth      ######...    45%         6    #####..
 Lightning Bolt           Conj/Air       #####.....   47%         5    ####...
 Silence                  Hex/Air        #####.....   47%         5    ####...
 Fireball                 Conj/Fire      #####.....   50%         5    ####...
 Call Canine Familiar     Summ           ##......     61%         3    None
 Confuse                  Hex            ##......     61%         3    None
 Dazzling Spray           Conj/Hex       ##....       61%         3    None
 Gell's Gravitas          Tloc           ##........   61%         3    None
 Lesser Beckoning         Tloc           ##........   61%         3    None
 Ozocubu's Armour         Chrm/Ice       ##......     61%         3    None
 Recall                   Summ/Tloc      N/A          61%         3    None
 Regeneration             Chrm/Necr      ##........   61%         3    None
 Spider Form              Tmut/Pois      ##........   61%         3    None
 Summon Guardian Golem    Hex/Summ       ##......     61%         3    None
 Teleport Other           Tloc           ##......     61%         3    None
 Tukima's Dance           Hex            ##......     61%         3    None
 Vampiric Draining        Necr           ##........   61%         3    None
 Animate Dead             Necr           N/A          93%         4    None
 Cause Fear               Hex            ##........   93%         4    None
 Force Lance              Conj/Tloc      ##......     93%         4    None
 Fulminant Prism          Conj/Hex       ##........   93%         4    None
 Ice Form                 Ice/Tmut       ##......     93%         4    None
 Iskenderun's Mystic Bla  Conj           ##......     93%         4    None
 Olgreb's Toxic Radiance  Pois           ##......     93%         4    None
 Passage of Golubria      Tloc           N/A          93%         4    None
 Summon Ice Beast         Ice/Summ       ##......     93%         4    None
 Throw Icicle             Conj/Ice       ##......     93%         4    None
 Conjure Ball Lightning   Conj/Air       #####.....   95%         6    #####..
 Deflect Missiles         Chrm/Air       #####.....   95%         6    #####..
 Bolt of Fire             Conj/Fire      #####.....   96%         6    #####..
 Agony                    Necr           ##......     99%         5    ####...
 Alistair's Intoxication  Tmut/Pois      ##......     99%         5    ####...
 Aura of Abjuration       Summ           ##........   99%         5    ####...
 Blade Hands              Tmut           ##........   99%         5    ####...
 Dispel Undead            Necr           ##......     99%         5    ####...
 Excruciating Wounds      Chrm/Necr      ##........   99%         5    ####...
 Irradiate                Conj/Tmut      ##........   99%         5    ####...
 Iskenderun's Battlesphe  Conj/Chrm      ##......     99%         5    ####...
 Metabolic Englaciation   Hex/Ice        ##........   99%         5    ####...
 Summon Demon             Summ           ##........   99%         5    ####...
 Summon Forest            Summ/Tloc      ##........   99%         5    ####...
 Summon Mana Viper        Hex/Summ       ##......     99%         5    ####...
 Venom Bolt               Conj/Pois      ##........   99%         5    ####...
 Yara's Violent Unravell  Hex/Tmut       ##........   99%         5    ####...
 Freezing Cloud           Conj/Ice/Air   ####......   99%         6    #####..
 Darkness                 Hex            ##........   100%        6    #####..
 Death Channel            Necr           ##........   100%        6    #####..
 Dispersal                Tloc           ##........   100%        6    #####..
 Hydra Form               Tmut           ##........   100%        6    #####..
 Shadow Creatures         Summ           N/A          100%        6    #####..
 Simulacrum               Ice/Necr       ##........   100%        6    #####..
 Dragon Form              Tmut           ##........   100%        7    #######
 Haunt                    Necr/Summ      ##........   100%        7    #######
 Malign Gateway           Summ/Tloc      ##........   100%        7    #######
 Monstrous Menagerie      Summ           ##........   100%        7    #######
 Orb of Destruction       Conj           ##........   100%        7    #######
 Ring of Flames           Chrm/Fire      #####.....   100%        7    #######
 Spellforged Servitor     Conj/Summ      ##........   100%        7    #######
 Summon Greater Demon     Summ           ##........   100%        7    #######
 Summon Hydra             Summ           ##........   100%        7    #######
 Borgnjor's Revivificati  Necr           ##........   100%        8    #######
 Controlled Blink         Tloc           N/A          100%        8    #######
 Death's Door             Chrm/Necr      ##........   100%        8    #######
 Discord                  Hex            ##........   100%        8    #######
 Ignition                 Fire           ######....   100%        8    #######
 Infestation              Necr           ##........   100%        8    #######
 Necromutation            Tmut/Necr      ##........   100%        8    #######
 Summon Horrible Things   Summ           ##........   100%        8    #######
 Dragon's Call            Summ           ##........   100%        9    #######
 Glaciate                 Conj/Ice       ##........   100%        9    #######


Dungeon Overview and Level Annotations

Branches:
Dungeon (15/15)            Temple (1/1) D:6            Lair (6/6) D:10
  Swamp (4/4) Lair:4       Spider (4/4) Lair:4        Slime (5/5) Lair:6
    Orc (2/2) D:11            Elf (3/3) Orc:2        Vaults (5/5) D:14
  Crypt (3/3) Vaults:3       Tomb (0/3) Crypt:3      Depths (5/5) D:15
   Hell (1/1)                 Dis (0/7) Hell            Geh (7/7) Hell
    Coc (7/7) Hell            Tar (7/7) Hell            Zot (4/5) Depths:5

Altars:
Ashenzari
Cheibriados
Dithmenos
Elyvilon
Fedhas
Gozag
Hepliaklqana
Kikubaaqudgha
Makhleb
Nemelex Xobeh
Okawaru
Qazlal
Ru
Sif Muna
Trog
Uskayaw
Vehumet
Wu Jian
Xom
Yredelemnul
Zin
The Shining One
Beogh
Jiyva

Shops:
D:7 *   D:11 %   D:13 %   D:14 ?   Orc:1 (   Orc:2 [:!   Elf:1 =   Elf:2 }
Vaults:4 *   Depths:1 *?   Depths:3 (   Depths:4 *((

Portals:
Hell: Depths:1 Depths:2 Depths:3 Depths:4 Depths:5
Abyss: Depths:2 Depths:4
Pandemonium: Depths:2 Depths:3 Depths:5

Annotations:
D:6 1 runed translucent door, Duffy's ghost, novice NaFi
D:7 3 runed translucent doors, hackum's ghost, novice OgFi
D:9 2 transporters
D:12 Rupert
Lair:3 3 runed translucent doors, Gennuon's ghost, journeyman TrWr; Naizifi's ghost, journeyman KoNe; Zuunur's ghost, journeyman SpEn
Lair:5 Kirke
Swamp:2 1 runed translucent door, Nico3ck's ghost, adept DsBe
Spider:1 Arachne
Vaults:2 1 runed translucent door, Roucrug's ghost, legendary MfIE
Vaults:3 3 runed translucent doors, Xaq Wocw's ghost, master HOAK
Depths:2 2 transporters
Geh:7 Asmodeus
Tar:7 Ereshkigal
Abyss:1 Geryon; Zuproetha's ghost, adept DsWn; strongu's ghost, journeyman FeFi


Innate Abilities, Weirdness & Mutations

You have a pair of large antennae on your head. (SInv)
You are completely covered in yellow scales. (AC +4, rCorr)
Your flesh is cold resistant. (rC+)
You are completely attuned to the shadows.
A frigid envelope surrounds you and freezes all who hurt you.
When hurt, damage is shared between your health and your magic reserves.
You regenerate magic rapidly.
When low on magic, you restore magic in place of health.
You are immune to freezing clouds.
Your skin changes colour to match your surroundings (Stealth+).
You are clumsy. (Dex -2)
You have an increased reservoir of magic. (+10% MP)
Your system is resistant to poisons. (rPois)
You are covered in fur. (AC +1)
Your muscles are strong. (Str +2)


Message History

You block the storm dragon zombie's attack.
The storm dragon zombie claws you but does no damage.
The storm dragon zombie completely resists.
You block the storm dragon zombie's attack.
You block the ice dragon skeleton's attack. x2
The ice dragon skeleton closely misses you.
The Ice Fiend calls on the powers of darkness!
Your body is wracked with pain!
* * * LOW HITPOINT WARNING * * *
The shard shrike convulses!
Really quaff the potion of lignification?
Okay, then.
Unknown command.
Blink to where?
Press: ? - help, Dir - move target cursor, p - Ice Fiend You are very lightly contaminated with residual magic.
As you read the scroll of blinking, it crumbles to dust.
The shard shrike spits a shard of ice at you.
The shard of ice hits you!!!
You die...

..[...≈≈≈≈≈≈≈≈≈≈≈≈≈≈≈≈≈≈≈≈≈≈≈≈#
....≈≈≈≈≈≈≈≈≈≈≈≈≈≈≈≈≈≈≈≈≈≈≈≈≈≈#
≈≈≈≈≈≈≈≈≈≈≈≈≈≈≈≈≈≈≈≈≈≈≈≈≈≈≈≈≈≈#
≈≈≈≈≈≈≈≈≈≈≈≈≈≈.....§§≈≈≈≈≈≈≈≈≈#
≈≈≈≈≈≈≈≈≈≈≈≈≈.........≈≈≈≈≈≈≈≈#
≈≈≈≈≈≈≈≈≈≈≈....≈≈≈≈≈≈....≈≈≈≈≈#
≈≈≈≈≈≈≈..≈≈≈≈≈≈≈≈≈≈≈≈..≈≈≈≈#
≈≈≈≈≈≈..≈≈≈2....○.≈≈≈≈..≈≈≈#
≈≈≈≈≈..≈≈≈...@.b2.Z°≈≈≈..≈≈#
≈≈≈≈≈.≈≈≈....####§Z..≈≈..≈≈#
≈≈≈≈..≈≈...## #1#○.≈≈≈..≈#
≈≈≈..≈≈≈..# !.##..≈≈..≈#
≈≈≈..≈≈... }..##..≈≈..≈#
≈≈≈..≈≈...# ()[.##..≈≈..≈#
≈≈≈≈.≈≈....#+# ##..≈≈..≈#
≈≈≈≈.≈≈≈^....######..≈≈...≈#
≈≈≈≈..≈≈≈......##....≈≈..≈≈#


You could see a shard shrike, a reaper and a blizzard demon.

Vanquished Creatures
  the Royal Jelly (Abyss:1)
  2 ancient liches
  A greater mummy (Zig:22)
  3 juggernauts (Zig:14)
  A Killer Klown (Zig:15)
  A caustic shrike (Depths:3)
  5 golden dragons
  A profane servitor (Crypt:3)
  5 bone dragons
  14 Tzitzimimeh
  5 doom hounds
  9 Brimstone Fiends
  10 tentacled monstrosities
  An electric golem (Zot:2)
  9 Ice Fiends
  7 liches
  An acid blob (shapeshifter) (Zig:15)
  2 deep elf master archers (Zig:16)
  Murray (Depths:5)
  3 titans
  Asterion (Abyss:1)
  3 deep elf blademasters
  4 quicksilver dragons
  15 tentacled starspawn
  55 acid blobs
  3 ancient champions
  2 Executioners
  4 sphinxes
  2 tengu reavers
  7 death cobs
  Agnes (Spider:2)
  3 eldritch tentacles
  5 thorn hunters
  7 shadow dragons
  7 draconian monks
  26 nagarajas
  8 storm dragons
  32 azure jellies
  9 frost giants
  Roxanne (Abyss:1)
  A revenant (Crypt:2)
  6 draconian scorchers
  7 draconian knights
  7 fire giants
  Louise (Swamp:4)
  4 deep elf sorcerers
  10 balrugs
  A cacodemon (Depths:3)
  An iron dragon (Depths:3)
  10 vault wardens
  4 ghost moths
  An angel (Abyss:1)
  3 emperor scorpions
  4 ghouls
  8 draconian annihilators
  2 deep elf elementalists (Vaults:5)
  A juggernaut zombie (D:15)
  3 orc warlords
  6 draconian stormcallers
  An elemental wellspring (Coc:7)
  3 draconian shifters
  2 curse skulls (Crypt:3)
  28 reapers
  8 stone giants
  10 ironheart preservers
  3 spriggan defenders
  4 entropy weavers
  11 very ugly things
  4 war gargoyles
  A corrupter (Zig:12)
  9 green draconians
  2 lorocyprocas
  10 deep elf demonologists
  7 white draconians
  6 spark wasps
  A bennu (Zig:22)
  The ghost of Lanoc the Cleaver, a journeyman DsGl of Dithmenos (D:11)
  8 vampire knights
  8 yellow draconians
  11 deep elf annihilators
  5 purple draconians
  13 ettins
  6 black draconians
  3 eidola (Crypt:3)
  10 red draconians
  5 blizzard demons
  4 mummy priests
  22 death oozes
  8 fire dragons
  3 merfolk javelineers (Zig:18)
  A crystal guardian (Vaults:5)
  A green death (Abyss:1)
  A jiangshi (Tar:3)
  14 yaktaur captains
  Josephine (Spider:1)
  3 deep elf high priests
  Snorg (D:12)
  A quicksilver dragon zombie (Geh:7)
  3 deep elf death magi
  19 great orbs of eyes
  A spectral kraken (Tar:7)
  Erolcha (D:11)
  A monstrous demonspawn (Depths:5)
  24 vault guards
  15 ice dragons
  2 quicksilver dragon skeletons
  6 naga warriors
  6 rakshasas
  5 death knights
  28 hydras
  7 centaur warriors
  6 anacondas
  A merfolk aquamancer (Zig:18)
  6 spriggan air magi
  9 ghost crabs
  2 shambling mangroves (Zig:11)
  14 ogre magi
  2 alligator snapping turtles (Zig:18)
  16 alligators
  18 dancing weapons
  40 two-headed ogres
  A catoblepas (Abyss:3)
  3 death yaks
  6 deep troll earth magi
  3 titan zombies
  4 tengu warriors
  7 deep troll shamans
  5 orc high priests
  28 hell hogs
  7 naga sharpshooters
  A spriggan berserker (Depths:5)
  16 sun demons
  8 shock serpents
  12 thrashing horrors
  5 vampire magi
  An iron golem (Hell)
  4 storm dragon zombies
  A titan skeleton (Tar:1)
  22 deep elf knights
  16 soul eaters
  Nergalle (Lair:2)
  40 hell knights
  2 shadow wraiths
  11 wretched stars
  4 death drakes
  50 skeletal warriors
  A sea snake (Zig:18)
  An iron troll (Depths:3)
  A quicksilver dragon simulacrum (Abyss:2)
  20 shadow demons
  2 golden dragon zombies
  8 sixfirhies
  4 unseen horrors
  A storm dragon skeleton (Geh:6)
  84 starcursed masses
  A glowing orange brain (shapeshifter) (Zig:20)
  2 wizards
  2 ghost moth zombies
  14 deep elf archers
  9 glowing orange brains
  15 flayed ghosts
  4 spatial maelstroms
  A spriggan druid (Zig:11)
  13 swamp dragons
  31 deep trolls
  A spectral hydra (Swamp:4)
  4 orange crystal statues
  A naga ritualist (Zig:19)
  3 anaconda skeletons
  2 harpies (shapeshifter)
  2 obsidian statues (Zig:18)
  An anaconda zombie (Geh:6)
  17 necromancers
  27 phantasmal warriors
  2 golden dragon skeletons
  2 mana vipers (shapeshifter)
  17 orc knights
  A wolf spider (shapeshifter) (Depths:4)
  4 harpies
  7 shadow dragon zombies
  14 orb spiders
  Pikel (D:6)
  3 wolf spider zombies
  13 ironbrand convokers
  11 oklob plants (Zot:3)
  2 mana vipers (Zig:12)
  4 shadow dragon skeletons
  2 iron dragon zombies
  A sphinx skeleton (Zig:17)
  A sphinx zombie (Zig:24)
  22 wolf spiders
  2 manticores (shapeshifter)
  A manticore (D:14)
  3 fire giant zombies
  2 frost giant zombies
  54 deep elf magi
  7 salamanders
  7 orc sorcerers
  5 stone giant zombies
  17 shining eyes
  20 moths of wrath
  5 worldbinders
  30 ugly things
  An elephant (shapeshifter) (Vaults:3)
  6 elephants
  4 cyclopes
  A moth of wrath (shapeshifter) (Vaults:5)
  4 stone giant skeletons
  A guardian serpent (shapeshifter) (Vaults:2)
  11 rust devils
  3 frost giant skeletons
  2 dire elephant zombies
  An iron dragon skeleton (Geh:2)
  21 black mambas
  6 ice statues
  3 fire giant skeletons
  15 vault sentinels
  13 eyes of devastation
  2 shock serpent skeletons
  2 water nymphs (shapeshifter)
  10 molten gargoyles
  An apocalypse crab (Abyss:3)
  16 guardian serpents
  17 smoke demons
  6 centaur skeletons
  2 gargoyles (Abyss:3)
  13 naga magi
  2 spiny frogs (shapeshifter)
  A storm dragon simulacrum (Abyss:3)
  2 centaur zombies
  22 hellions
  2 dire elephant skeletons
  A torpor snail (shapeshifter) (Vaults:1)
  2 shock serpent zombies
  4 orange demons
  A titan simulacrum (Tar:1)
  3 rime drakes
  8 spectral swamp worms (Tar:7)
  34 spiny frogs
  A human zombie (Vaults:1)
  4 komodo dragons
  2 emperor scorpion zombies
  A rime drake (shapeshifter) (Vaults:5)
  3 tengu conjurers
  19 freezing wraiths
  A yaktaur skeleton (Depths:1)
  22 tormentors
  33 yaktaurs
  A spriggan skeleton (Zig:22)
  A white draconian skeleton (Geh:2)
  15 ice devils
  20 ancient zymes
  8 demonic crawlers
  19 red devils
  4 efreet
  5 guardian mummies (Zig:22)
  4 catoblepas skeletons
  5 trolls
  6 hydra zombies
  6 hellwings
  2 meliai (shapeshifter)
  3 hydra skeletons
  A shadow dragon simulacrum (Tar:5)
  16 tyrant leeches
  32 jumping spiders
  A polar bear (shapeshifter) (Vaults:3)
  2 harpy zombies
  4 silent spectres
  A death drake zombie (Crypt:1)
  A queen bee (D:14)
  2 tengu simulacra (Depths:1)
  Grinder (D:6)
  26 hornets
  2 ice dragon zombies
  A dream sheep (shapeshifter) (Depths:5)
  4 harpy skeletons
  21 blink frogs
  8 ettin zombies
  A fire giant simulacrum (Abyss:2)
  A meliai zombie (D:15)
  10 hippogriffs
  A spriggan zombie (D:15)
  2 stone giant simulacra
  44 raiju
  2 fire dragon zombies (Coc:7)
  A hippogriff (shapeshifter) (Depths:2)
  3 alligator zombies
  6 bog bodies
  5 dream sheep (Lair:6)
  154 slime creatures
  A snapping turtle (Zig:18)
  78 flying skulls
  A fire dragon skeleton (Tar:7)
  2 ice dragon skeletons
  78 redbacks
  A redback (shapeshifter) (Vaults:5)
  4 vampires
  A black mamba skeleton (Geh:7)
  13 water elementals
  56 yaks
  12 spriggans
  6 fire bats
  33 tarantellas
  A tarantella (shapeshifter) (Vaults:4)
  6 air elementals
  3 wyverns
  An alligator skeleton (Geh:7)
  11 ettin skeletons
  29 shadows
  2 elf skeletons (Zig:22)
  A yak (shapeshifter) (Vaults:2)
  3 black mamba zombies
  7 ushabtiu
  12 ynoxinuls
  2 basilisks
  39 small abominations
  44 wraiths
  A fire bat (shapeshifter) (Vaults:5)
  3 hogs (Lair:5)
  31 vampire mosquitoes
  22 golden eyes
  14 chaos spawn
  22 fire elementals
  A human (shapeshifter) (Depths:4)
  8 hungry ghosts
  26 large abominations
  10 neqoxecs
  14 insubstantial wisps
  5 wargs
  11 nagas
  A soldier ant (D:11)
  19 swamp worms
  12 spatial vortices (Abyss:3)
  5 spiny frog zombies
  An acid dragon (D:12)
  A deep troll zombie (Crypt:2)
  77 hell hounds
  A warg (shapeshifter) (Zig:15)
  6 porcupines
  10 water moccasins
  3 floating eyes (Zig:27)
  A water nymph skeleton (Crypt:2)
  14 swamp drakes
  A spiny frog skeleton (Geh:1)
  A merfolk skeleton (Geh:5)
  4 ice beasts
  3 sky beasts
  4 black bears
  A hornet zombie (Crypt:1)
  20 phantoms
  An alligator simulacrum (Hell)
  43 orc warriors
  2 eyes of draining (shapeshifter)
  32 necrophages
  9 eyes of draining
  A manticore zombie (Geh:7)
  3 snapping turtle zombies
  An ettin simulacrum (Vaults:1)
  4 swamp dragon zombies
  33 ogres
  12 boggarts
  15 centaurs
  A spriggan simulacrum (Swamp:4)
  A snapping turtle skeleton (Tar:6)
  3 swamp dragon skeletons
  14 wolves
  10 crocodiles
  A fire crab zombie (Crypt:2)
  An elephant skeleton (Crypt:1)
  A manticore skeleton (Tar:7)
  5 big kobolds
  31 bullfrogs
  A gnoll sergeant (D:9)
  7 earth elementals
  An ogre simulacrum (Vaults:1)
  4 wyvern skeletons
  3 scorpions
  23 killer bees
  3 human simulacra
  4 howler monkeys
  123 wights
  3 electric eels
  A troll skeleton (Crypt:2)
  22 crimson imps
  2 bullfrog zombies
  5 quasits
  8 hounds
  3 jellies
  23 orc priests
  A gnoll shaman (D:7)
  20 orc wizards
  2 bullfrog skeletons
  7 iron imps
  5 iguanas
  4 lightning spires (Zig:19)
  A spectral swamp drake (Swamp:4)
  4 hell rats (Hell)
  8 worker ants
  A killer bee zombie (D:9)
  A tengu zombie (Coc:5)
  A felid skeleton (Crypt:1)
  A tengu skeleton (Geh:2)
  2 hound zombies
  29 mummies
  Robin (D:3)
  A worker ant zombie (D:5)
  15 gnolls
  A howler monkey skeleton (Crypt:2)
  7 adders
  A river rat (shapeshifter) (Vaults:5)
  15 shadow imps
  16 white imps
  11 ufetubi
  An adder zombie (D:9)
  2 adder skeletons
  4 worms
  A dart slug (D:3)
  9 leopard geckos
  84 orcs
  6 bats
  A bat zombie (Crypt:2)
  12 giant cockroaches
  13 goblins
  10 hobgoblins
  4 jackals (D:1)
  3 quokkas
  2 ball pythons
  13 frilled lizards
  29 kobolds
  A kobold skeleton (Geh:7)
  A leopard gecko skeleton (Crypt:1)
  A leopard gecko zombie (Crypt:1)
  An orc zombie (Tar:3)
  5 rats
  A butterfly (Lair:3)
  4 lurking horrors
  26 starspawn tentacles
  2 tentacles
4051 creatures vanquished.

Vanquished Creatures (collateral kills)
  A hell hound (Abyss:1)
1 creature vanquished.

Vanquished Creatures (others)
  The ghost of Nesh the Impregnable, a veteran DDFi of Makhleb (Depths:3)
  6 greater mummies
  A profane servitor (Abyss:1)
  4 doom hounds
  2 Tzitzimimeh (Tar:7)
  2 Brimstone Fiends
  3 bone dragons
  2 electric golems (Zot:2)
  2 tentacled monstrosities
  A deep elf master archer (Elf:3)
  2 liches
  4 death cobs
  10 acid blobs
  2 eldritch tentacles (Tar:7)
  A tengu reaver (Vaults:3)
  5 shadow dragons
  2 storm dragons
  7 azure jellies
  6 fire giants
  5 nagarajas
  A draconian monk (Zot:2)
  2 vault wardens (Vaults:5)
  3 frost giants (Depths:3)
  2 ghost moths (Spider:4)
  5 emperor scorpions
  An orc warlord (Vaults:3)
  2 draconian scorchers
  2 iron dragons
  2 balrugs
  A deep elf elementalist (Elf:3)
  A draconian knight (Zot:4)
  A cacodemon (Depths:2)
  A juggernaut zombie (Crypt:2)
  2 draconian shifters
  8 reapers
  3 ghouls
  5 ironheart preservers
  A very ugly thing (Depths:3)
  A bennu (Zig:22)
  2 black draconians
  5 stone giants
  A deep elf demonologist (Zig:16)
  3 green draconians (Zot:2)
  6 vampire knights
  A purple draconian (Zot:1)
  A spark wasp (Depths:5)
  3 white draconians
  2 deep elf annihilators
  3 yellow draconians
  3 red draconians
  A quicksilver dragon zombie (Tar:2)
  A crystal guardian (Abyss:2)
  6 eidola
  2 mummy priests
  4 fire dragons
  An ettin (Vaults:3)
  A merfolk javelineer (Zig:18)
  A deep elf high priest (Vaults:5)
  5 great orbs of eyes
  7 yaktaur captains
  6 vault guards
  8 ice dragons
  A rakshasa (Depths:3)
  2 catoblepae
  An alligator snapping turtle (Zig:18)
  A shambling mangrove (Swamp:4)
  3 hydras
  An ogre mage (Zig:20)
  A death knight (Crypt:3)
  2 merfolk aquamancers (Zig:18)
  A centaur warrior (Vaults:1)
  2 alligators
  A titan zombie (Tar:7)
  A deep troll shaman (Abyss:1)
  3 death yaks
  8 two-headed ogres
  A tengu warrior (Depths:4)
  2 hell hogs
  A dancing weapon (Elf:2)
  3 naga sharpshooters
  A deep troll earth mage (Depths:5)
  5 hell knights
  6 soul eaters
  3 storm dragon zombies
  4 deep elf knights
  An iron golem (Hell)
  2 titan skeletons
  A wretched star (Abyss:3)
  A flayed ghost (Geh:1)
  3 deep trolls
  2 unseen horrors
  A spatial maelstrom (Abyss:3)
  An iron troll (Depths:1)
  An anaconda zombie (Coc:7)
  5 shadow demons
  24 skeletal warriors
  2 storm dragon skeletons
  A spriggan druid (Swamp:3)
  A golden dragon skeleton (Tar:5)
  5 swamp dragons
  2 starcursed masses (Abyss:1)
  An obsidian statue (Zig:18)
  An orange crystal statue (Elf:1)
  3 ironbrand convokers
  5 orc knights
  3 deep elf archers
  A glowing orange brain (Abyss:3)
  6 phantasmal warriors
  2 anaconda skeletons
  A harpy (Vaults:1)
  5 wolf spiders
  2 wolf spider zombies
  A stone giant zombie (Tar:1)
  An iron dragon zombie (Geh:7)
  A shining eye (Slime:5)
  2 orb spiders
  5 large abominations
  A salamander (Zig:19)
  6 deep elf magi
  2 ugly things
  A frost giant zombie (Geh:3)
  An orc sorcerer (Orc:2)
  A worldbinder (Abyss:3)
  6 moths of wrath
  A frost giant skeleton (Geh:2)
  3 stone giant skeletons
  4 iron dragon skeletons
  3 vault sentinels
  2 rust devils
  6 black mambas
  A fire giant skeleton (Geh:6)
  2 eyes of devastation
  3 elephants
  4 guardian serpents
  A spriggan zombie (Zig:6)
  4 apocalypse crabs
  A dire elephant zombie (Tar:6)
  A torpor snail (Spider:2)
  An ice statue (Zig:11)
  4 spiny frogs
  A spectral swamp worm (Tar:7)
  A hellion (Geh:5)
  A dire elephant skeleton (Coc:3)
  2 yaktaurs
  A komodo dragon (Lair:5)
  4 demonic crawlers
  2 guardian mummies
  A hellwing (Abyss:3)
  2 ice devils
  9 freezing wraiths
  2 tormentors
  A spriggan skeleton (Zig:6)
  4 ancient zymes
  6 hydra zombies
  A red devil (Geh:5)
  5 jumping spiders
  A hornet (Swamp:3)
  A snapping turtle (Zig:18)
  A blink frog (Lair:6)
  A frost giant simulacrum (Vaults:3)
  28 slime creatures
  2 ettin zombies
  2 raiju (Abyss:3)
  A bog body (Swamp:3)
  6 wraiths
  A flying skull (Crypt:2)
  An ettin skeleton (Geh:4)
  An alligator skeleton (Hell)
  A water elemental (Depths:2)
  3 ice dragon skeletons
  An air elemental (Abyss:3)
  3 yaks
  A ynoxinul (Abyss:3)
  A shadow (Geh:1)
  A fire dragon skeleton (Geh:1)
  4 redbacks
  4 tarantellas
  An ushabti (Crypt:3)
  A fire bat (Abyss:3)
  A hungry ghost (Tar:7)
  A golden eye (Zig:21)
  A basilisk (Lair:4)
  A fire elemental (Geh:2)
  A vampire mosquito (Swamp:4)
  A warg (Vaults:4)
  An insubstantial wisp (Abyss:3)
  A swamp worm (Swamp:2)
  A spiny frog zombie (Hell)
  8 hell hounds
  A floating eye (Depths:5)
  A water moccasin (Lair:3)
  2 swamp dragon zombies
  4 swamp drakes
  An eye of draining (Zig:27)
  A spiny frog skeleton (Hell)
  A black bear (Lair:4)
  2 phantoms
  An ogre (Vaults:1)
  A manticore skeleton (Tar:7)
  An earth elemental (Elf:2)
  A troll zombie (Crypt:3)
  10 wights
  A crimson imp (D:13)
  An iron imp (Abyss:3)
  A deep dwarf zombie (Crypt:1)
  A naga zombie (Crypt:2)
  A tengu skeleton (Geh:2)
  2 mummies
  2 shadow imps (Tar:1)
  A worm (shapeshifter) (Zig:20)
  2 orcs
  A quokka (D:6)
  4 briar patches
  6 bushes
  32 fungi
  128 plants
  36 starspawn tentacles
  13 tentacles
  13 withered plants
790 creatures vanquished.

Grand Total: 4842 creatures vanquished

Notes
Turn   | Place    | Note
-------+----------+-------------------------------------------
     0 | D:1      | Lanoc the Demonspawn Wanderer began the quest for the Orb.
     0 | D:1      | Lanoc set off with the following items: a +2 scale mail, a
                  | +0 mace, a scroll of teleportation, a ration
     0 | D:1      | Reached XP level 1. HP: 16/16 MP: 2/2
   288 | D:1      | Gained mutation: You are slightly more attuned to the
                  | shadows. [demonic ancestry]
   288 | D:1      | Reached XP level 2. HP: 14/22 MP: 3/3
   364 | D:1      | Reached skill level 1 in Dodging
  1097 | D:2      | Reached XP level 3. HP: 25/28 MP: 4/4
  1228 | D:2      | Found an ornate altar of the Wu Jian Council.
  1431 | D:2      | Found a hazy altar of Hepliaklqana.
  1926 | D:3      | Gained mutation: You have a pair of small antennae on your
                  | head. [demonic ancestry]
  1926 | D:3      | Reached XP level 4. HP: 24/35 MP: 5/5
  1979 | D:3      | Found a stormy altar of Qazlal.
  2064 | D:3      | Found a glowing drain.
  2068 | Sewer    | Entered a sewer
  2078 | Sewer    | Gained mutation: When hurt, damage is shared between your
                  | health and your magic reserves. [demonic ancestry]
  2078 | Sewer    | Reached XP level 5. HP: 37/41 MP: 6/6
  2430 | Sewer    | Reached XP level 6. HP: 24/48 MP: 3/7
  2799 | D:3      | Noticed Robin
  2829 | D:3      | Killed Robin
  3050 | D:3      | Found a shattered altar of Ashenzari.
  3529 | D:4      | Got an encrusted quarterstaff
  3530 | D:4      | Identified the +2 quarterstaff "Voohar" {crush, rN+} (You
                  | found it on level 4 of the Dungeon)
  3906 | D:4      | Gained mutation: You regenerate magic rapidly. [demonic
                  | ancestry]
  3906 | D:4      | Reached XP level 7. HP: 49/55 MP: 6/8
  4347 | D:5      | Entered Level 5 of the Dungeon
  4390 | D:5      | Reached skill level 5 in Fighting
  4390 | D:5      | Reached skill level 5 in Armour
  4415 | D:5      | Found a sacrificial altar of Ru.
  4647 | D:5      | Found a shadowy altar of Dithmenos.
  4739 | D:5      | Became a worshipper of Dithmenos the Shadowed
  4856 | D:5      | Gained mutation: When low on magic, you restore magic in
                  | place of health. [demonic ancestry]
  4856 | D:5      | Reached XP level 8. HP: 33/64 MP: 5/9
  5117 | D:6      | Found a staircase to the Ecumenical Temple.
  5159 | Temple   | Entered the Ecumenical Temple
  5310 | D:6      | Found a runed translucent door.
  5314 | D:6      | Noticed Duffy's ghost (novice NaFi)
  5439 | D:6      | Reached skill level 5 in Dodging
  5518 | D:6      | Noticed Grinder
  5533 | D:6      | Killed Grinder
  5533 | D:6      | Reached skill level 2 in Invocations
  5832 | D:6      | Noticed Pikel
  5832 | D:6      | Found a bloodstained altar of Trog.
  5839 | D:6      | Killed Pikel
  5839 | D:6      | Reached skill level 3 in Invocations
  6245 | D:7      | Found an ancient bone altar of Kikubaaqudgha.
  6255 | D:7      | Reached skill level 4 in Invocations
  6271 | D:7      | Gained mutation: You are partially covered in yellow
                  | scales. (AC +2) [demonic ancestry]
  6271 | D:7      | Reached XP level 9. HP: 37/71 MP: 7/12
  6277 | D:7      | Reached * piety under Dithmenos
  6850 | D:7      | Found Reoruc's Assorted Antiques.
  6855 | D:7      | Bought a scroll labeled POSIZX DUDEWU for 27 gold pieces
  6855 | D:7      | Bought a scroll of identify for 54 gold pieces
  6855 | D:7      | Bought a scroll labeled OBYROFURGHEO for 27 gold pieces
  6980 | D:7      | Reached skill level 5 in Invocations
  6982 | D:7      | Reached skill level 1 in Short Blades
  7260 | D:7      | Found a runed translucent gate.
  7261 | D:7      | Found a runed translucent gate.
  7262 | D:7      | Found a runed translucent gate.
  7264 | D:7      | Noticed hackum's ghost (novice OgFi)
  7490 | D:7      | Reached ** piety under Dithmenos
  7497 | D:7      | Found an iron altar of Okawaru.
  7707 | D:8      | Noticed a two-headed ogre
  8127 | D:8      | Killed a two-headed ogre
  8127 | D:8      | Reached skill level 6 in Invocations
  8368 | D:8      | Gained mutation: You are mostly covered in yellow scales.
                  | (AC +3) [demonic ancestry]
  8368 | D:8      | Reached XP level 10. HP: 68/80 MP: 11/14
  8699 | D:8      | Found a snail-covered altar of Cheibriados.
  9083 | D:9      | Found a radiant altar of Vehumet.
  9097 | D:9      | Found a white marble altar of Elyvilon.
  9171 | D:9      | Found a transporter.
  9192 | D:9      | Found a transporter.
  9536 | D:9      | Reached skill level 7 in Invocations
 10514 | D:10     | Entered Level 10 of the Dungeon
 10915 | D:9      | Reached skill level 8 in Invocations
 11772 | D:9      | Reached XP level 11. HP: 84/87 MP: 17/17
 11810 | D:10     | Reached *** piety under Dithmenos
 12320 | D:10     | Reached skill level 5 in Short Blades
 12964 | D:10     | Reached skill level 9 in Invocations
 13366 | D:10     | Found a staircase to the Lair.
 14224 | D:11     | Found a staircase to the Orcish Mines.
 14230 | D:11     | Reached **** piety under Dithmenos
 14247 | D:11     | Found Mageumm's Food Shoppe.
 14832 | D:11     | Noticed Erolcha
 14864 | D:11     | Killed Erolcha
 16410 | D:12     | Reached skill level 10 in Invocations
 16632 | D:12     | Noticed Rupert
 17019 | Orc:1    | Entered Level 1 of the Orcish Mines
 17613 | Orc:1    | Noticed an orc knight
 17976 | Lair:1   | Entered Level 1 of the Lair of Beasts
 18126 | Lair:1   | Gained mutation: You have a pair of antennae on your head.
                  | [demonic ancestry]
 18126 | Lair:1   | Reached XP level 12. HP: 70/97 MP: 15/19
 18281 | Lair:1   | Noticed a six-headed hydra
 18289 | Lair:1   | Killed a six-headed hydra
 18289 | Lair:1   | Reached skill level 10 in Fighting
 19015 | Lair:1   | Noticed a five-headed hydra
 19026 | Lair:1   | Killed a five-headed hydra
 19350 | Lair:2   | Noticed Nergalle
 20072 | Lair:2   | Found the +8 demon trident "Rift" {distort, reach+}
 20144 | Lair:2   | Noticed a five-headed hydra
 20152 | Lair:2   | Killed a five-headed hydra
 20152 | Lair:2   | Reached skill level 1 in Polearms
 20344 | Lair:2   | Killed Nergalle
 20418 | Lair:2   | Reached skill level 11 in Invocations
 21398 | Lair:2   | Reached ***** piety under Dithmenos
 21436 | Lair:2   | Got a crystal war axe
 21437 | Lair:2   | Identified the cursed +3 war axe "Gohugig" {freeze, rC-
                  | MR+++ SInv Stlth+} (You found it on level 2 of the Lair of
                  | Beasts)
 21622 | Lair:3   | Reached skill level 10 in Armour
 22609 | Lair:3   | Found a runed translucent gate.
 22609 | Lair:3   | Found a runed translucent gate.
 22610 | Lair:3   | Found a runed translucent gate.
 22611 | Lair:3   | Noticed Zuunur's ghost (journeyman SpEn)
 22611 | Lair:3   | Noticed Zuunur's ghost (journeyman SpEn)
 22613 | Lair:3   | Noticed Gennuon's ghost (journeyman TrWr)
 22613 | Lair:3   | Noticed Naizifi's ghost (journeyman KoNe)
 23347 | Lair:4   | Noticed an eight-headed hydra
 23349 | Lair:4   | Noticed a four-headed hydra
 23352 | Lair:4   | Noticed a catoblepas
 23515 | Lair:4   | Reached XP level 13. HP: 105/105 MP: 21/21
 24743 | Lair:4   | Reached skill level 5 in Polearms
 24931 | Lair:4   | Reached skill level 10 in Dodging
 25155 | Lair:4   | Found a hole to the Spider Nest.
 25163 | Lair:4   | Reached skill level 12 in Invocations
 25536 | Lair:4   | Found a staircase to the Swamp.
 25990 | Lair:5   | Noticed Kirke
 26605 | Lair:6   | Entered Level 6 of the Lair of Beasts
 27113 | Lair:6   | Got a bound golden ring
 27115 | Lair:6   | Identified the ring "Beiq" {rElec rF+ rN+ Dex+3} (You found
                  | it on level 6 of the Lair of Beasts)
 28106 | D:12     | Noticed Snorg
 28196 | D:12     | Killed Snorg
 28541 | D:13     | Gained mutation: You have a pair of large antennae on your
                  | head. (SInv) [demonic ancestry]
 28541 | D:13     | Reached XP level 14. HP: 70/113 MP: 16/23
 29372 | Orc:1    | Noticed an orc warlord
 29579 | D:11     | Killed an orc warlord
 29911 | Orc:1    | Found Jeir's Antique Weapon Shop.
 29931 | Orc:1    | Found a runed translucent gate.
 29935 | Orc:1    | Found a runed translucent gate.
 29936 | Orc:1    | Found a runed translucent gate.
 29937 | Orc:1    | Identified the +11 great mace "Conservator" {crush, MR+}
 29937 | Orc:1    | Identified the +10 plate armour of Hysteria {+Fly}
 29939 | Orc:1    | Noticed Lanoc's ghost (journeyman DsGl)
 29940 | Orc:1    | Identified the +10 battleaxe of Impermanence {drain,
                  | Stlth+}
 29969 | Orc:1    | Reached skill level 1 in Shields
 30059 | Orc:1    | Reached ****** piety under Dithmenos
 30228 | Orc:1    | Identified the amulet "Imileng" {rElec Regen+}
 30332 | Orc:2    | Entered Level 2 of the Orcish Mines
 30332 | Orc:2    | Found a staircase to the Elven Halls.
 30370 | Orc:2    | Reached skill level 13 in Invocations
 30515 | Orc:2    | Found a radiant altar of Vehumet.
 31286 | Orc:2    | Paralysed by an orc sorcerer for 4 turns
 32177 | Orc:2    | Found Woamm's Armour Shoppe.
 32178 | Orc:2    | Found Ewohef's Book Shop.
 32180 | Orc:2    | Found Alaschufar's Distillery.
 32180 | Orc:2    | Found Diyraisk's Food Shop.
 32210 | Orc:2    | Bought a potion of invisibility for 144 gold pieces
 32210 | Orc:2    | Bought a potion of heal wounds for 90 gold pieces
 32448 | D:11     | Killed Lanoc's ghost
 32730 | Orc:1    | Found a roughly hewn altar of Beogh.
 32750 | Orc:1    | Identified a +1 pair of boots of running (You found it on
                  | level 1 of the Orcish Mines)
 33549 | Lair:6   | Found a staircase to the Slime Pits.
 33550 | Lair:6   | Found a viscous altar of Jiyva.
 33947 | Lair:6   | Got a faintly glowing broad axe
 34284 | Lair:6   | Reached XP level 15. HP: 102/121 MP: 23/25
 34504 | Swamp:1  | Entered Level 1 of the Swamp
 34928 | Swamp:1  | Noticed a tentacled monstrosity
 34944 | Swamp:1  | Killed a tentacled monstrosity
 35930 | Swamp:1  | Noticed a thorn hunter
 36008 | Swamp:1  | Killed a thorn hunter
 36008 | Swamp:1  | Reached skill level 14 in Invocations
 36525 | Swamp:2  | Reached skill level 10 in Polearms
 36681 | Swamp:2  | Found a runed translucent door.
 36899 | Swamp:2  | Noticed Nico3ck's ghost (adept DsBe)
 37320 | Swamp:2  | Got a twisted battleaxe
 37535 | Swamp:3  | Noticed a thorn hunter
 37691 | Swamp:3  | Got a wavering amber ring
 37699 | Swamp:3  | Identified the ring "Byze" {Str+2 Int+2 Stlth+} (You found
                  | it on level 3 of the Swamp)
 37775 | Swamp:3  | Killed a thorn hunter
 38703 | Swamp:4  | Entered Level 4 of the Swamp
 38801 | Swamp:4  | Noticed a thorn hunter
 39306 | Swamp:4  | Killed a thorn hunter
 39435 | Swamp:4  | Reached XP level 16. HP: 123/130 MP: 27/27
 39630 | Swamp:4  | Noticed Louise
 39645 | Swamp:4  | Killed Louise
 39711 | Swamp:4  | Noticed strongu's ghost (journeyman FeFi)
 39987 | Swamp:4  | Found a transporter.
 40213 | Swamp:4  | Found a transporter.
 40279 | Swamp:4  | Reached skill level 15 in Invocations
 40571 | Swamp:4  | Got a decaying rune of Zot
 40705 | Swamp:4  | Identified a scroll of acquirement
 40872 | Swamp:4  | Banished strongu's ghost
 41100 | Spider:1 | Entered Level 1 of the Spider Nest
 41103 | Spider:1 | Noticed Josephine
 41115 | Spider:1 | Killed Josephine
 41143 | Spider:1 | Noticed Asterion
 41170 | Lair:4   | Banished Asterion
 42537 | Spider:2 | Noticed Agnes
 42567 | Spider:2 | Killed Agnes
 42674 | Spider:2 | Noticed Arachne
 43033 | Spider:2 | Got a sparkling marble ring
 43035 | Spider:2 | Identified the ring of Waonlul {rF+ rC+ rN+} (You found it
                  | on level 2 of the Spider Nest)
 43103 | Spider:2 | Found a runed translucent gate.
 43103 | Spider:2 | Found a runed translucent gate.
 43103 | Spider:2 | Found a runed translucent gate.
 43107 | Spider:2 | Noticed Zuproetha's ghost (adept DsWn)
 43463 | Spider:3 | Got a shimmering buckler
 43474 | Spider:3 | Identified the +3 buckler of Witihaag {rC- rN+ Dex+2
                  | Slay+2} (You acquired it on level 3 of the Spider Nest)
 43694 | Spider:3 | Gained mutation: Your flesh is cold resistant. (rC+)
                  | [demonic ancestry]
 43694 | Spider:3 | Reached XP level 17. HP: 138/138 MP: 28/28
 44394 | Spider:4 | Entered Level 4 of the Spider Nest
 44754 | Spider:4 | Identified the +7 broad axe of the Known World {drain, rF+}
                  | (You found it on level 6 of the Lair of Beasts)
 44984 | Spider:4 | Reached skill level 16 in Invocations
 45687 | Spider:4 | Got a gossamer rune of Zot
 46016 | Spider:2 | Banished Zuproetha's ghost
 46034 | Spider:2 | Got a pair of slimy gloves
 46040 | Spider:2 | Identified the +2 pair of gloves "Quasei" {rC+} (You found
                  | it on level 2 of the Spider Nest)
 46358 | D:13     | Found Siylakuh's Food Boutique.
 46417 | D:13     | Got an iridescent long sword
 46615 | D:14     | Identified Roxanne's Guide on the Mountains
 46615 | D:14     | Noticed Roxanne
 46628 | D:14     | Banished Roxanne
 46641 | D:14     | Found Naseus's Magic Scroll Emporium.
 46645 | D:14     | Bought a scroll of identify for 32 gold pieces
 46645 | D:14     | Bought a scroll of identify for 32 gold pieces
 46645 | D:14     | Bought a scroll of identify for 32 gold pieces
 46645 | D:14     | Bought a scroll of teleportation for 48 gold pieces
 46645 | D:14     | Bought a scroll of teleportation for 48 gold pieces
 46645 | D:14     | Bought a scroll of blinking for 120 gold pieces
 46645 | D:14     | Identified the +9 battleaxe of Resourcefulness {speed, MP+9
                  | Dex+3} (You found it on level 2 of the Swamp)
 46646 | D:14     | Identified the +0 long sword of Breach {elec, rElec Stlth+}
                  | (You found it on level 13 of the Dungeon)
 46991 | D:14     | Got an encrusted halberd
 46992 | D:14     | Identified the +3 halberd of Butchery {flame, Dex+2} (You
                  | found it on level 14 of the Dungeon)
 47151 | D:14     | Found a gate to the Vaults.
 47550 | D:15     | Entered Level 15 of the Dungeon
 47688 | D:15     | Found a staircase to the Depths.
 48470 | D:15     | Paralysed by a wizard for 3 turns
 48678 | Vaults:1 | Entered Level 1 of the Vaults
 48705 | Vaults:1 | Reached XP level 18. HP: 147/147 MP: 30/30
 48979 | Vaults:1 | Found an ornate altar of the Wu Jian Council.
 49321 | Vaults:1 | Reached skill level 17 in Invocations
 50237 | Vaults:2 | Found a runed translucent door.
 50237 | Vaults:2 | Noticed Roucrug's ghost (legendary MfIE)
 50308 | Vaults:2 | Reached skill level 15 in Fighting
 50541 | Vaults:2 | Identified the +5 flail "Vuquc" {speed, MP+9 Str+4 Int+7
                  | Dex-3} (You found it on level 2 of the Vaults)
 51556 | Vaults:2 | Got a scorched crystal plate armour
 51567 | Vaults:2 | Identified the +14 crystal plate armour "Wiahic" {rF+
                  | Dex+2} (You acquired it on level 2 of the Vaults)
 51661 | Vaults:3 | Found a flickering gateway to a bazaar.
 51744 | Vaults:3 | Reached skill level 18 in Invocations
 51882 | Vaults:3 | Found a staircase to the Crypt.
 52038 | Vaults:3 | Reached XP level 19. HP: 155/155 MP: 32/32
 52322 | Vaults:3 | Identified the +5 chain mail of Uczao {rC+ Dex+4 SInv
                  | Stlth-}
 52669 | Vaults:3 | Paralysed by an ogre mage for 7 turns
 52699 | Vaults:3 | Got a steaming lapis lazuli ring
 52757 | Vaults:3 | Identified the ring of Cirrouna {*Tele rPois SInv} (You
                  | found it on level 3 of the Vaults)
 52863 | Vaults:3 | Found a runed translucent gate.
 52863 | Vaults:3 | Found a runed translucent gate.
 52863 | Vaults:3 | Found a runed translucent gate.
 52864 | Vaults:3 | Noticed Xaq Wocw's ghost (master HOAK)
 52867 | Vaults:3 | Identified the +8 hunting sling "Toudd" {venom, *Drain rF+
                  | Int+5 Stlth+}
 53625 | Vaults:4 | Found Agogalab's General Store.
 54050 | Vaults:4 | Reached skill level 15 in Armour
 54145 | Vaults:4 | Noticed a Brimstone Fiend
 54145 | Vaults:4 | Reached skill level 19 in Invocations
 54737 | Crypt:1  | Entered Level 1 of the Crypt
 54757 | Crypt:1  | Paralysed by a vampire knight for 5 turns
 54860 | Vaults:3 | Reached skill level 15 in Dodging
 55097 | Crypt:1  | Identified the +8 war axe "Widowermaker" {antimagic,
                  | Fragile +Inv Int+5} (You found it on level 1 of the Crypt)
 55337 | Crypt:1  | Got a slimy chain mail
 55348 | Crypt:1  | Identified the +2 chain mail of the Lobster {rPois Str+3}
                  | (You found it on level 1 of the Crypt)
 55444 | Crypt:1  | Gained mutation: You are completely covered in yellow
                  | scales. (AC +4, rCorr) [demonic ancestry]
 55444 | Crypt:1  | Reached XP level 20. HP: 165/165 MP: 33/33
 56022 | Crypt:2  | Paralysed by a vampire knight for 6 turns
 56086 | Crypt:2  | Paralysed by a vampire knight for 7 turns
 56476 | Crypt:3  | Entered Level 3 of the Crypt
 56665 | Crypt:3  | Found a staircase to the Tomb.
 57170 | Crypt:3  | Found a basalt altar of Yredelemnul.
 57617 | Crypt:3  | Paralysed by a lich for 4 turns
 57641 | Crypt:3  | Got a transparent plate armour
 57642 | Crypt:3  | Identified the +8 plate armour "Sesuj" {Int+3 Dex+7} (You
                  | found it on level 3 of the Crypt)
 57748 | Crypt:3  | Reached skill level 20 in Invocations
 57778 | Crypt:3  | Noticed a bone dragon
 57877 | Crypt:3  | Noticed a profane servitor
 57878 | Crypt:3  | Noticed a profane servitor
 57882 | Crypt:3  | Banished a profane servitor
 57900 | Crypt:3  | Killed a profane servitor
 57902 | Crypt:3  | Got a bound lead amulet
 57976 | Crypt:3  | Banished a bone dragon
 58377 | Crypt:3  | Got a vibrating golden ring
 58402 | Crypt:3  | Identified the ring of Huxt {*Corrode rN+ Int+3 Dex+3
                  | Stlth+} (You found it on level 3 of the Crypt)
 58412 | Crypt:3  | Identified the amulet "Isyuck" {Spirit rF+ Str+3} (You
                  | found it on level 3 of the Crypt)
 58699 | Vaults:5 | Entered Level 5 of the Vaults
 58699 | Vaults:5 | Noticed a golden dragon
 59057 | Vaults:5 | Gained mutation: You are immune to freezing clouds.
                  | [demonic ancestry]
 59057 | Vaults:5 | Reached XP level 21. HP: 172/174 MP: 35/35
 59113 | Vaults:5 | Identified the +4 scimitar of the Lonely Lives {pain, -Tele
                  | rN+ Int+3}
 59143 | Vaults:5 | Reached skill level 5 in Shields
 59597 | Vaults:5 | Identified the +5 chain mail of Minor Irritation {rCorr}
 59818 | Vaults:5 | Identified the +5 rapier "Heux" {pain, +Rage rF+ rC+ Dex-2}
 59881 | Vaults:5 | Killed a golden dragon
 60392 | Vaults:5 | Got a silver rune of Zot
 60464 | Vaults:5 | Reached skill level 21 in Invocations
 60819 | Vaults:5 | Noticed a golden dragon
 60833 | Vaults:5 | Killed a golden dragon
 60929 | Vaults:5 | Identified the cursed +1 plate armour of the Jabberwock
                  | {Int+2}
 61647 | Slime:1  | Entered Level 1 of the Pits of Slime
 61724 | Slime:1  | Paralysed by a great orb of eyes for 2 turns
 61727 | Slime:1  | Gained mutation: A frigid envelope surrounds you and
                  | freezes all who hurt you. [demonic ancestry]
 61727 | Slime:1  | Reached XP level 22. HP: 183/183 MP: 36/36
 61757 | Slime:1  | Found a viscous altar of Jiyva.
 61919 | Slime:1  | Gained mutation: You are frail. (-10% HP) [a shining eye]
 61920 | Slime:1  | Gained mutation: You are clumsy. (Dex -2) [a shining eye]
 62497 | Slime:2  | Gained mutation: You are very clumsy. (Dex -4) [a shining
                  | eye]
 62719 | Slime:3  | Paralysed by a great orb of eyes for 6 turns
 63096 | Slime:3  | Gained mutation: Your body sometimes deteriorates upon
                  | taking damage. [a shining eye]
 63097 | Slime:3  | Gained mutation: Scrolls take you a little longer to read.
                  | [a shining eye]
 63099 | Slime:3  | Gained mutation: You are very frail. (-20% HP) [a shining
                  | eye]
 63102 | Slime:3  | Lost mutation: Scrolls take you a little longer to read.
                  | [potion of mutation]
 63102 | Slime:3  | Lost mutation: You are very clumsy. (Dex -4) [potion of
                  | mutation]
 63102 | Slime:3  | Lost mutation: You are very frail. (-20% HP) [potion of
                  | mutation]
 63102 | Slime:3  | Gained mutation: Your magical capacity is low. (-10% MP)
                  | [potion of mutation]
 63102 | Slime:3  | Lost mutation: You are clumsy. (Dex -2) [potion of
                  | mutation]
 63103 | Slime:3  | Lost mutation: Your magical capacity is low. (-10% MP)
                  | [potion of mutation]
 63103 | Slime:3  | Lost mutation: You are frail. (-10% HP) [potion of
                  | mutation]
 63103 | Slime:3  | Lost mutation: Your body sometimes deteriorates upon taking
                  | damage. [potion of mutation]
 63103 | Slime:3  | Gained mutation: You expend magic power (3 MP) to
                  | strengthen your wands. [potion of mutation]
 63103 | Slime:3  | Gained mutation: Your natural rate of healing is unusually
                  | fast. [potion of mutation]
 63103 | Slime:3  | Gained mutation: You have large cloven feet. [potion of
                  | mutation]
 64314 | Slime:5  | Entered Level 5 of the Pits of Slime
 64560 | Slime:5  | Gained mutation: Armour fits poorly on your strangely
                  | shaped body. [a shining eye]
 64572 | Slime:5  | Noticed the Royal Jelly
 64711 | Slime:5  | Paralysed by a great orb of eyes for 2 turns
 64763 | Slime:5  | Banished the Royal Jelly
 65046 | Slime:5  | Found a viscous altar of Jiyva.
 65353 | Slime:5  | Learned a level 2 spell: Passwall
 65410 | Slime:4  | Learned a level 5 spell: Lee's Rapid Deconstruction
 65677 | Depths:1 | Entered Level 1 of the Depths
 65685 | Depths:1 | Found a gateway to a ziggurat.
 65812 | Depths:1 | Reached skill level 22 in Invocations
 66283 | Depths:1 | Found Meps's Magic Scroll Shop.
 66322 | Depths:1 | Found a portal to a secret trove of treasure.
 66674 | Depths:1 | Found a gateway to Hell.
 66761 | Depths:1 | Found Ocanloegh's Island Escapes.
 66773 | Depths:1 | Bought a potion of flight for 48 gold pieces
 66773 | Depths:1 | Bought a scroll of blinking for 120 gold pieces
 66773 | Depths:1 | Bought a potion of flight for 48 gold pieces
 66773 | Depths:1 | Bought a scroll of teleportation for 48 gold pieces
 66773 | Depths:1 | Bought a scroll of teleportation for 48 gold pieces
 66889 | Depths:2 | Reached skill level 1 in Earth Magic
 67023 | Depths:2 | Reached XP level 23. HP: 189/189 MP: 38/38
 67075 | Depths:2 | You fall through a shaft!
 67253 | Depths:2 | Found a transporter.
 67280 | Depths:2 | Found a one-way gate to the infinite horrors of the Abyss.
 67448 | Depths:2 | Found a one-way gate leading to the halls of Pandemonium.
 67547 | Depths:2 | Noticed a juggernaut
 67548 | Depths:2 | Noticed a caustic shrike
 67906 | Depths:3 | Noticed a juggernaut
 68203 | Depths:3 | Found Xiocigav's Antique Weapon Shoppe.
 68286 | Depths:3 | Got a slimy jade ring
 68605 | Depths:3 | Noticed a caustic shrike
 68606 | Depths:3 | Noticed Nesh's ghost (veteran DDFi)
 68610 | Depths:3 | Found a transporter.
 68623 | Depths:3 | Noticed a caustic shrike
 68650 | Depths:3 | Identified the ring "Japyferph" {rC+ rN+ MR- Str+5 Dex-5}
                  | (You found it on level 3 of the Depths)
 68655 | Depths:3 | Found a transporter.
 68772 | Depths:3 | Reached skill level 5 in Earth Magic
 69037 | Depths:3 | Reached skill level 10 in Shields
 69133 | Depths:3 | Identified the cursed +1 chain mail of the Blue Moon {rN++
                  | Stlth+} (You found it on level 3 of the Depths)
 69249 | Depths:3 | Gained mutation: Scrolls take you a little longer to read.
                  | [a cacodemon]
 69336 | Depths:4 | Lost mutation: Scrolls take you a little longer to read.
                  | [potion of mutation]
 69336 | Depths:4 | Lost mutation: You have large cloven feet. [potion of
                  | mutation]
 69336 | Depths:4 | Lost mutation: You expend magic power (3 MP) to strengthen
                  | your wands. [potion of mutation]
 69336 | Depths:4 | Lost mutation: Your natural rate of healing is unusually
                  | fast. [potion of mutation]
 69336 | Depths:4 | Gained mutation: You have sharp toenails. [potion of
                  | mutation]
 69336 | Depths:4 | Gained mutation: Your flesh is very cold resistant. (rC++)
                  | [potion of mutation]
 69336 | Depths:4 | Gained mutation: Your flesh is heat resistant. (rF+)
                  | [potion of mutation]
 69378 | Depths:4 | Found Gozag's Antique Weapon Shop.
 69431 | Depths:4 | Found Gozag's Assorted Antiques.
 69436 | Depths:4 | Found an opulent altar of Gozag.
 69438 | Depths:4 | Bought a scroll of teleportation for 300 gold pieces
 69448 | Depths:4 | Found Gozag's Antique Weapon Shop.
 69928 | Depths:4 | Identified the +6 chain mail "Sygil" {+Blink Str-3 Dex+3}
                  | (You found it on level 4 of the Depths)
 70366 | Depths:5 | Entered Level 5 of the Depths
 70511 | Depths:5 | Paralysed by a floating eye for 2 turns
 70818 | Depths:5 | Found a gate to the Realm of Zot.
 70857 | Depths:5 | Reached XP level 24. HP: 198/198 MP: 38/38
 72228 | Depths:2 | Found a transporter.
 72266 | Depths:2 | Voluntarily entered the Abyss.
 72615 | Abyss:1  | Killed Roxanne
 72615 | Abyss:1  | Reached skill level 23 in Invocations
 72631 | Abyss:1  | Learned a level 9 spell: Shatter
 72890 | Abyss:1  | Killed Asterion
 73211 | Abyss:1  | Found a bloodstained altar of Trog.
 73325 | Abyss:1  | Found a snail-covered altar of Cheibriados.
 73365 | Abyss:1  | Paralysed by a lich for 7 turns
 73632 | Abyss:1  | Lost mutation: Armour fits poorly on your strangely shaped
                  | body. [a neqoxec]
 73693 | Abyss:1  | Found a sacrificial altar of Ru.
 73781 | Abyss:2  | Found a corrupted altar of Lugonu.
 74296 | Abyss:2  | Paralysed by accursed screaming for 1 turns
 74874 | Abyss:3  | Got a warped turquoise ring
 74876 | Abyss:3  | Identified the ring of Zyamel {Fire rPois Dex+4} (You found
                  | it on level 3 of the Abyss)
 74987 | Abyss:3  | Found a corrupted altar of Lugonu.
 75066 | Abyss:3  | Found an iron altar of Okawaru.
 75645 | Abyss:3  | Gained mutation: You do not regenerate when monsters are
                  | visible. [a neqoxec]
 75654 | Abyss:3  | Lost mutation: You do not regenerate when monsters are
                  | visible. [potion of mutation]
 75654 | Abyss:3  | Gained mutation: You are frail. (-10% HP) [potion of
                  | mutation]
 75654 | Abyss:3  | Gained mutation: Your flesh is almost immune to the effects
                  | of cold. (rC+++) [potion of mutation]
 75815 | Abyss:3  | Found a corrupted altar of Lugonu.
 75943 | Abyss:3  | Identified the cursed +3 scimitar "Qoolluh" {antimagic,
                  | *Rage rElec rPois Str+4} (You found it on level 3 of the
                  | Abyss)
 76015 | Abyss:3  | Gained mutation: You are significantly more attuned to the
                  | shadows. [demonic ancestry]
 76015 | Abyss:3  | Reached XP level 25. HP: 184/189 MP: 38/38
 77457 | Abyss:3  | Got an abyssal rune of Zot
 77977 | Depths:2 | Escaped the Abyss
 78020 | Depths:2 | Voluntarily entered the Abyss.
 78060 | Abyss:1  | Reached skill level 24 in Invocations
 78187 | Abyss:1  | Paralysed by accursed screaming for 1 turns
 78524 | Abyss:1  | Killed the Royal Jelly
 78569 | Depths:2 | Escaped the Abyss
 78950 | Slime:5  | Got a slimy rune of Zot
 78975 | Slime:5  | Identified the +5 quarterstaff "Yteuff" {freeze, Str+6}
                  | (You found it on level 5 of the Pits of Slime)
 78979 | Slime:5  | Got a wavering golden ring
 78981 | Slime:5  | Identified the ring of Lugonu's Reproof {rC+ MP+9} (You
                  | found it on level 5 of the Pits of Slime)
 78992 | Slime:5  | Got a wavering wooden ring
 78993 | Slime:5  | Identified the ring "Nodabex" {Wiz +Fly rPois rC-} (You
                  | found it on level 5 of the Pits of Slime)
 79023 | Slime:5  | Identified the Papyrus of Air
 79401 | Depths:1 | You showed the slimy rune of Zot to enter a treasure trove
 79402 | Trove    | Entered a treasure trove
 79442 | Trove    | Identified Sif Muna's Handbook of Hexes and Augmentations
 79449 | Trove    | Identified Edohepn's Papyrus of Calling and the Volcanoes
 79458 | Trove    | Identified Sif Muna's Guide on the Spatial Frostbite
 79487 | Depths:1 | Got a flickering ruby amulet
 79488 | Depths:1 | Identified the amulet "Zyewezis" {Acrobat Dex+2 Stlth+}
                  | (You acquired it on level 1 of the Depths)
 79677 | Elf:1    | Entered Level 1 of the Elven Halls
 79927 | Elf:1    | Identified the Volume of the Entourage
 79931 | Elf:1    | Learned a level 1 spell: Summon Butterflies
 80478 | Elf:1    | Found Laoryz's Jewellery Shop.
 80484 | Elf:1    | Bought an uncursed ring of protection from magic for 375
                  | gold pieces
 80670 | Elf:2    | Found Roirism's Gadget Shop.
 80938 | Elf:2    | Found a runed translucent gate.
 80938 | Elf:2    | Found a runed translucent gate.
 80938 | Elf:2    | Found a runed translucent gate.
 81263 | Elf:2    | Reached skill level 10 in Earth Magic
 81374 | Elf:3    | Entered Level 3 of the Elven Halls
 81666 | Elf:3    | Identified the +6 scale mail "Hidy" {*Contam rElec rF++ rC+
                  | rN+} (You found it on level 3 of the Elven Halls)
 82715 | Elf:3    | Reached XP level 26. HP: 197/197 MP: 39/39
 82915 | Elf:3    | Identified Womeb's Arcane Secrets of Witchery
 82997 | Elf:3    | Found the +2 cloak of the Thief {+Fog Slay-2 SInv Stlth+}
 83010 | Elf:3    | Identified the Reference Book on the Cankerous Escort
 83025 | Elf:3    | Identified the ring "Eruifo" {Ice Int+4} (You found it on
                  | level 3 of the Elven Halls)
 83043 | Elf:3    | Identified the cursed +0 pair of gloves "Put-Me-On" {rF-
                  | Str+3} (You found it on level 3 of the Elven Halls)
 83365 | D:14     | Upgraded the game from 0.24-a0-70-gf44d0c5 to
                  | 0.24-a0-84-g25a2d9f
 83744 | Depths:3 | Got a pair of polished gloves
 83750 | Depths:3 | Got a vibrating amber ring
 83767 | Depths:3 | Identified the +3 arbalest of Fundamental Breach {freeze,
                  | +Fly rElec Stlth-} (You found it on level 3 of the Depths)
 83779 | Depths:3 | Identified the +1 pair of gloves of Vedo {rF- Str+10 Dex-4
                  | SInv} (You found it on level 3 of the Depths)
 83801 | Depths:3 | Identified the ring of Red Wine {EV+4 Dex+3} (You found it
                  | on level 3 of the Depths)
 83943 | Depths:3 | Banished Nesh's ghost
 83989 | Depths:3 | Reached skill level 1 in Spellcasting
 84198 | Zot:1    | Entered Level 1 of the Realm of Zot
 85471 | Zot:1    | Noticed an orb of fire
 85521 | Zot:2    | Noticed an orb of fire
 85529 | Zot:2    | Gained mutation: You are occasionally teleported next to
                  | monsters. [an orb of fire]
 85548 | Zot:1    | Gained mutation: You are agile. (Dex +2) [an orb of fire]
 85549 | Zot:1    | Gained mutation: You are weak. (Str -2) [an orb of fire]
 85560 | Zot:1    | Gained mutation: You tend to lose your temper in combat.
                  | [an orb of fire]
 85567 | Zot:1    | Gained mutation: Scrolls take you a little longer to read.
                  | [an orb of fire]
 85568 | Zot:1    | Banished an orb of fire
 85605 | Zot:1    | Lost mutation: You are frail. (-10% HP) [potion of
                  | mutation]
 85605 | Zot:1    | Lost mutation: You are agile. (Dex +2) [potion of mutation]
 85605 | Zot:1    | Gained mutation: Your skin changes colour to match your
                  | surroundings (Stealth+). [potion of mutation]
 85605 | Zot:1    | Gained mutation: Your system is resistant to poisons.
                  | (rPois) [potion of mutation]
 85605 | Zot:1    | Gained mutation: You have very sharp teeth. [potion of
                  | mutation]
 85606 | Zot:1    | Lost mutation: Your flesh is almost immune to the effects
                  | of cold. (rC+++) [potion of mutation]
 85606 | Zot:1    | Lost mutation: You have very sharp teeth. [potion of
                  | mutation]
 85606 | Zot:1    | Lost mutation: You have sharp toenails. [potion of
                  | mutation]
 85606 | Zot:1    | Gained mutation: You are somewhat resistant to further
                  | mutation. [potion of mutation]
 85607 | Zot:1    | Lost mutation: Scrolls take you a little longer to read.
                  | [potion of mutation]
 85607 | Zot:1    | Lost mutation: Your flesh is heat resistant. (rF+) [potion
                  | of mutation]
 85607 | Zot:1    | Lost mutation: You tend to lose your temper in combat.
                  | [potion of mutation]
 87597 | Zot:3    | Noticed an orb of fire
 87772 | Zot:3    | Banished an orb of fire
 88003 | Zot:3    | Reached skill level 25 in Invocations
 88056 | Zot:3    | Gained mutation: You are completely attuned to the shadows.
                  | [demonic ancestry]
 88056 | Zot:3    | Reached XP level 27. HP: 219/227 MP: 39/39
 88994 | Zot:4    | Reached skill level 5 in Spellcasting
 89791 | Zot:2    | Reached skill level 15 in Earth Magic
 89888 | Hell     | Entered the Vestibule of Hell
 89888 | Hell     | Noticed Geryon
 89915 | Hell     | Banished Geryon
 90069 | Hell     | Noticed Murray
 90778 | Hell     | Found a gateway to the freezing wastes of Cocytus.
 90882 | Hell     | Found a gateway to the Iron City of Dis.
 91076 | Hell     | Found a gateway to the ashen valley of Gehenna.
 91129 | Hell     | Found a gateway to the decaying netherworld of Tartarus.
 91527 | Orc:2    | Bought a potion of ambrosia for 144 gold pieces
 91527 | Orc:2    | Bought a potion of agility for 72 gold pieces
 91527 | Orc:2    | Bought a potion of curing for 54 gold pieces
 91527 | Orc:2    | Bought a potion of might for 72 gold pieces
 91527 | Orc:2    | Bought a potion of cancellation for 144 gold pieces
 91527 | Orc:2    | Bought a potion of mutation for 144 gold pieces
 91529 | Orc:2    | Bought a book of the Tempests for 910 gold pieces
 91537 | Orc:2    | Bought a ration for 65 gold pieces
 91537 | Orc:2    | Bought a ration for 65 gold pieces
 91537 | Orc:2    | Bought a ration for 65 gold pieces
 91537 | Orc:2    | Bought a ration for 65 gold pieces
 91537 | Orc:2    | Bought a ration for 65 gold pieces
 91537 | Orc:2    | Bought a ration for 65 gold pieces
 91537 | Orc:2    | Bought a ration for 65 gold pieces
 91537 | Orc:2    | Bought a ration for 65 gold pieces
 91537 | Orc:2    | Bought a ration for 65 gold pieces
 91537 | Orc:2    | Bought a ration for 65 gold pieces
 91860 | Geh:1    | Entered Level 1 of Gehenna
 92376 | Geh:1    | Cast into level 3 of the Abyss (hell knight)
 92421 | Geh:1    | Escaped the Abyss
 93018 | Hell     | Reached skill level 15 in Polearms
 93434 | Zig:1    | Entered Level 1 of a ziggurat
 93456 | Zig:2    | Entered Level 2 of a ziggurat
 93466 | Zig:2    | Found the amulet of the Air {Inacc +Fly rElec EV+5 RMsl}
 93477 | Zig:3    | Entered Level 3 of a ziggurat
 93507 | Zig:3    | Identified the Almanac of Poisonous Talismans
 93515 | Zig:4    | Entered Level 4 of a ziggurat
 93541 | Zig:4    | Identified the +4 leather armour of Articulation {rC+
                  | Dex+3} (You found it on level 4 of a ziggurat)
 93543 | Zig:4    | Identified the +4 pair of boots of Free Expression {Dex+2}
                  | (You found it on level 4 of a ziggurat)
 93550 | Zig:4    | Identified the cursed +0 chain mail of Gatuzxitz {rElec rN+
                  | Str-2 Int-2 Slay+4} (You found it on level 4 of a ziggurat)
 93562 | Zig:5    | Entered Level 5 of a ziggurat
 93578 | Zig:5    | Reached skill level 1 in Stealth
 93617 | Zig:5    | Identified the +7 scythe "Ysuddeoq" {slice, rPois Int+10
                  | Dex-3 SInv} (You found it on level 5 of a ziggurat)
 93832 | Zig:6    | Entered Level 6 of a ziggurat
 93845 | Zig:6    | Noticed a greater mummy
 93912 | Zig:6    | Banished a greater mummy
 93949 | Zig:6    | Identified the +3 hunting sling of Reinforcement {speed,
                  | rPois MR+} (You found it on level 6 of a ziggurat)
 94112 | Zig:7    | Entered Level 7 of a ziggurat
 94202 | Zig:7    | Got a shimmering pewter ring
 94209 | Zig:7    | Identified the +6 broad axe of Compound Interest {venom,
                  | *Rage rF+ rN+} (You found it on level 7 of a ziggurat)
 94217 | Zig:7    | Identified the ring "Ixayc Etwukh" {+Fly rPois rF- rN+
                  | Str+3} (You found it on level 7 of a ziggurat)
 94292 | Zig:8    | Entered Level 8 of a ziggurat
 94420 | Zig:9    | Entered Level 9 of a ziggurat
 94741 | Zig:9    | Found the ring of Robustness {AC+8}
 94765 | Zig:9    | Identified the +10 war axe of Vigag {holy, Stlth+} (You
                  | found it on level 9 of a ziggurat)
 94774 | Zig:9    | Identified the cursed +0 leather armour "Domu" {rPois Str+7
                  | Int-4} (You found it on level 9 of a ziggurat)
 94797 | Zig:10   | Entered Level 10 of a ziggurat
 95071 | Zig:10   | Identified the +5 plate armour "Xitam" {rN+ Int+6} (You
                  | found it on level 10 of a ziggurat)
 95379 | Zig:11   | Entered Level 11 of a ziggurat
 95662 | Zig:11   | Identified Kikubaaqudgha's Guide on Dark Rituals
 95773 | Zig:12   | Entered Level 12 of a ziggurat
 95790 | Zig:12   | Noticed an ancient lich
 96149 | Zig:12   | Found the +6 shillelagh "Devastator" {shatter}
 96155 | Zig:12   | Identified the +0 scale mail of the Ninety-Nine Lies {MP+9
                  | Int+5 Dex+4} (You found it on level 12 of a ziggurat)
 96447 | Zig:12   | Cast into level 2 of the Abyss (a deep elf demonologist)
 96559 | Zig:12   | Escaped the Abyss
 96626 | Zig:12   | Killed an ancient lich
 96637 | Zig:13   | Entered Level 13 of a ziggurat
 96653 | Zig:13   | Identified the Catalogue of Gliding Summoning
 96654 | Zig:13   | Found the cursed necklace of Bloodlust {*Rage +Rage MR++
                  | Int-3 Slay+6 *Curse}
 96654 | Zig:13   | Noticed Avisaw the pandemonium lord
 96654 | Zig:13   | Identified the Guide on Orientation and Flames
 96656 | Zig:14   | Entered Level 14 of a ziggurat
 96670 | Zig:14   | Noticed a juggernaut
 96673 | Zig:14   | Noticed a juggernaut
 96677 | Zig:14   | Noticed a juggernaut
 96692 | Zig:14   | Killed a juggernaut
 96714 | Zig:14   | Killed a juggernaut
 96714 | Zig:14   | Reached skill level 26 in Invocations
 96731 | Zig:14   | Killed a juggernaut
 96752 | Zig:14   | Reached skill level 5 in Stealth
 97058 | Zig:14   | Got a brightly glowing tin ring
 97076 | Zig:14   | Identified the amulet "Cauck" {+Rage rF++} (You found it on
                  | level 14 of a ziggurat)
 97104 | Zig:14   | Got a faintly glowing marble ring
 97106 | Zig:14   | Identified the ring of Weoghen {rF+ rN+ Dex+3 SInv} (You
                  | found it on level 14 of a ziggurat)
 97123 | Zig:14   | Identified the ring of Umoen {rN+ Stlth+} (You found it on
                  | level 14 of a ziggurat)
 97133 | Zig:15   | Entered Level 15 of a ziggurat
 97166 | Zig:15   | Noticed Dogia the pandemonium lord
 97184 | Zig:15   | Noticed Yman the pandemonium lord
 97249 | Zig:15   | Noticed Othrilish the pandemonium lord
 97269 | Zig:15   | Banished Othrilish the pandemonium lord
 97342 | Zig:15   | Reached skill level 15 in Shields
 97373 | Zig:16   | Entered Level 16 of a ziggurat
 97711 | Zig:16   | Found the +12 Vampire's Tooth {vamp}
 97793 | Zig:16   | Got a crude bone ring
 97795 | Zig:16   | Identified the ring "Fetrink" {rCorr Str+7} (You found it
                  | on level 16 of a ziggurat)
 97810 | Zig:17   | Entered Level 17 of a ziggurat
 97920 | Zig:17   | Identified the Almanac of the Sinister Mountains
 97922 | Zig:17   | Got a warped jade amulet
 97930 | Zig:17   | Got a steaming turquoise ring
 97932 | Zig:17   | Got an ichor-stained spear
 97937 | Zig:18   | Entered Level 18 of a ziggurat
 97941 | Zig:18   | Identified the cursed +2 spear of Floods {pierce, rElec
                  | rC+} (You found it on level 17 of a ziggurat)
 97943 | Zig:18   | Identified the amulet of Ilenunon {RegenMP rPois Str-2
                  | Dex+7} (You found it on level 17 of a ziggurat)
 97945 | Zig:18   | Identified the ring of Etebyk {*Contam rC+ Str+3 Int+5}
                  | (You found it on level 17 of a ziggurat)
 98619 | Zig:18   | Identified the Incunabulum of Doomed Transmutation
 98740 | Zig:18   | Learned a level 1 spell: Apportation
 98743 | Zig:19   | Entered Level 19 of a ziggurat
 99337 | Zig:19   | Got a heavily runed jade ring
 99434 | Zig:19   | Identified the ring "Oluedd" {rPois Slay+4} (You found it
                  | on level 19 of a ziggurat)
 99440 | Zig:20   | Entered Level 20 of a ziggurat
 99473 | Zig:20   | Reached skill level 10 in Spellcasting
 99537 | Zig:20   | Noticed an ancient lich
 99539 | Zig:20   | Noticed an ancient lich
 99540 | Zig:20   | Reached skill level 1 in Fire Magic
 99564 | Zig:20   | Killed an ancient lich
 99575 | Zig:20   | Found the brooch of Shielding {Reflect SH+8}
 99580 | Zig:20   | Noticed an ancient lich
 99583 | Zig:21   | Entered Level 21 of a ziggurat
 99737 | Zig:21   | Reached skill level 10 in Stealth
100010 | Zig:21   | Identified the Papyrus of Evil and Contamination
100018 | Zig:21   | Got a brightly glowing silver ring
100021 | Zig:21   | Reached skill level 5 in Fire Magic
100033 | Zig:21   | Identified the +2 plate armour of Wiotoy {+Inv} (You found
                  | it on level 21 of a ziggurat)
100034 | Zig:21   | Identified the ring "Ivi Lafoa" {rCorr rC+} (You found it
                  | on level 21 of a ziggurat)
100057 | Zig:21   | Identified the cursed +1 chain mail of Hepliaklqana's
                  | Reproof {*Corrode rElec MR- Dex+9} (You found it on level
                  | 21 of a ziggurat)
100231 | Zig:21   | Reached skill level 27 in Invocations
100294 | Zig:22   | Entered Level 22 of a ziggurat
100482 | Zig:22   | Noticed a greater mummy
100482 | Zig:22   | Noticed a greater mummy
100486 | Zig:22   | Noticed a greater mummy
100491 | Zig:22   | Banished a greater mummy
100506 | Zig:22   | Noticed a greater mummy
100533 | Zig:22   | Noticed a greater mummy
100543 | Zig:22   | Banished a greater mummy
100555 | Zig:22   | Noticed a greater mummy
100581 | Zig:22   | Noticed a greater mummy
100590 | Zig:22   | Banished a greater mummy
100599 | Zig:22   | Killed a greater mummy
100600 | Zig:22   | Banished a greater mummy
100603 | Zig:22   | Noticed a greater mummy
100667 | Zig:22   | Banished a greater mummy
100683 | Zig:22   | Identified the +10 great sword "Jaotty Vive" {slice, rPois
                  | Int-4 Dex+3} (You found it on level 22 of a ziggurat)
100685 | Zig:22   | Got a twitching lapis lazuli ring
100689 | Zig:22   | Identified the Almanac of Boosts
100695 | Zig:23   | Entered Level 23 of a ziggurat
101033 | Zig:23   | Found the amulet of the Four Winds {rN+ MR+++ Clar}
101273 | Zig:23   | Identified the Grimoire of the Wild Haggis
101305 | Zig:23   | Identified the +1 leather armour "Doudiom" {rC+ MP+9 Dex+4}
                  | (You found it on level 23 of a ziggurat)
101306 | Zig:23   | Identified the cursed ring "Tuarige" {rC- MP+9 Str+6 Dex-4}
                  | (You found it on level 22 of a ziggurat)
101310 | Zig:23   | Identified the +1 plate armour of Wisdom {rN+ Int-4 SInv}
                  | (You found it on level 23 of a ziggurat)
101317 | Zig:23   | Identified the ring of Saipiraj {*Slow +Fly rC- Str+8
                  | Stlth+} (You found it on level 23 of a ziggurat)
101475 | Zig:24   | Entered Level 24 of a ziggurat
101599 | Zig:25   | Entered Level 25 of a ziggurat
101855 | Zig:25   | Found the +7 mace of Variability {chain chaos}
101862 | Zig:25   | Identified Caoczadd's Grimoire of Congealing Clay
101880 | Zig:26   | Entered Level 26 of a ziggurat
102019 | Zig:27   | Entered Level 27 of a ziggurat
103034 | Zig:27   | Gained mutation: You are clumsy. (Dex -2) [a shining eye]
103084 | Zig:27   | Identified the Disquisition on the Gliding Volcanoes
103097 | Zig:27   | Identified the +1 leather armour of Jetheun {rF+ rCorr
                  | MP-9} (You found it on level 27 of a ziggurat)
103130 | Zig:27   | Learned a level 5 spell: Bolt of Magma
103139 | Zig:27   | Identified the +4 glaive "Vobidoff" {chop, Int+2} (You
                  | found it on level 27 of a ziggurat)
103144 | Zig:27   | Identified the +0 leather armour of Trog's Esteem {*Slow
                  | rC+ Dex+5} (You found it on level 27 of a ziggurat)
103346 | D:14     | Got a polished large shield
103357 | D:14     | Identified the +10 large shield of the Swamp {Int+4} (You
                  | acquired it on level 14 of the Dungeon)
103393 | D:14     | Lost mutation: You are weak. (Str -2) [potion of mutation]
103393 | D:14     | Lost mutation: You are occasionally teleported next to
                  | monsters. [potion of mutation]
103393 | D:14     | Lost mutation: You are somewhat resistant to further
                  | mutation. [potion of mutation]
103393 | D:14     | Gained mutation: You are robust. (+10% HP) [potion of
                  | mutation]
103393 | D:14     | Gained mutation: You are covered in fur. (AC +1) [potion of
                  | mutation]
103559 | Tar:1    | Entered Level 1 of Tartarus
103643 | Tar:1    | Learned a level 9 spell: Tornado
103705 | Tar:1    | Reached skill level 1 in Air Magic
105514 | Tar:6    | Reached skill level 5 in Air Magic
106557 | Tar:7    | Entered Level 7 of Tartarus
107222 | Tar:7    | Identified the +1 chain mail "Bojeimem" {rN+} (You found it
                  | on level 7 of Tartarus)
107936 | Tar:7    | Noticed Ereshkigal
109496 | Tar:7    | Identified a +2 pair of boots of running (You found it on
                  | level 7 of Tartarus)
109660 | Tar:7    | Got a bone rune of Zot
109671 | Tar:7    | Got a warped pewter amulet
109672 | Tar:7    | Identified the amulet "Zofot" {Spirit Str+4} (You found it
                  | on level 7 of Tartarus)
111134 | Depths:5 | Killed Murray
111422 | Geh:3    | Reached skill level 10 in Air Magic
112672 | Geh:7    | Entered Level 7 of Gehenna
113016 | Geh:7    | Reached skill level 15 in Spellcasting
113109 | Geh:7    | Reached skill level 15 in Stealth
113590 | Geh:7    | Identified the +7 sceptre of Asmodeus
113590 | Geh:7    | Noticed Asmodeus
113625 | Geh:7    | Identified the +6 halberd "Gaxkieg" {chop, *Rage rC+++}
                  | (You found it on level 7 of Gehenna)
113631 | Geh:7    | Found the +8 longbow "Zephyr" {speed, Dex+3 SInv}
113660 | Geh:7    | Got a pair of warped gloves
113662 | Geh:7    | Got a bound emerald amulet
113672 | Geh:7    | Got an obsidian rune of Zot
113686 | Geh:7    | Identified the Guide on Translocation
113793 | Hell     | Identified the -4 pair of gloves of Louklur {MR+} (You
                  | found it on level 7 of Gehenna)
113822 | Hell     | Identified the amulet "Pofredgh" {Gourm Dex+3} (You found
                  | it on level 7 of Gehenna)
113856 | Coc:1    | Entered Level 1 of Cocytus
114254 | Coc:1    | Gained mutation: You tend to lose your temper in combat.
                  | [mutagenic glow]
114285 | Coc:1    | Gained mutation: You are very clumsy. (Dex -4) [mutagenic
                  | glow]
114343 | Coc:1    | Lost mutation: You are robust. (+10% HP) [mutagenic glow]
114344 | Coc:1    | Lost mutation: You are very clumsy. (Dex -4) [potion of
                  | mutation]
114344 | Coc:1    | Lost mutation: You tend to lose your temper in combat.
                  | [potion of mutation]
114344 | Coc:1    | Lost mutation: Your flesh is very cold resistant. (rC++)
                  | [potion of mutation]
114344 | Coc:1    | Gained mutation: Your muscles are strong. (Str +2) [potion
                  | of mutation]
114344 | Coc:1    | Gained mutation: You have an increased reservoir of magic.
                  | (+10% MP) [potion of mutation]
114686 | Coc:7    | Entered Level 7 of Cocytus
115148 | Coc:7    | Got an ancient ruby amulet
115178 | Coc:7    | Identified the amulet "Waanti" {Faith Int-2 Dex+5} (You
                  | found it on level 7 of Cocytus)
115628 | Coc:7    | Killed from afar by a shard shrike

Levels and vault maps discovered:

Skill      XL: |  1  2  3  4  5  6  7  8  9 10 11 12 13 14 15 16 17 18 19 20 21 22 23 24 25 26 27 |
---------------+----------------------------------------------------------------------------------+-----
Armour         | 3 4 5 6 7 8 9 10 11 12 13 14 15 16 17 18 19 20 | 20.0
Dodging        | 1 2 3 4 5 6 7 8 9 10 11 12 13 14 15 16 17 18 19 20 | 20.0
Fighting       | 3 4 5 6 7 8 9 10 11 12 13 14 15 16 17 18 19 20 24 | 24.5
Invocations    | 4 6 8 10 11 12 13 14 15 16 18 19 20 21 22 23 24 25 27 | 27.0
Short Blades   | 2 4 6 8 |  8.0
Polearms       | 4 7 9 11 12 13 14 15 | 15.0
Shields        | 3 4 7 9 10 11 12 13 18 | 18.8
Earth Magic    | 1 7 8 10 13 21 | 21.6
Spellcasting   | 4 15 | 15.0
Stealth        | 15 | 15.5
Fire Magic     | 12 | 12.5
Air Magic      | 12 | 12.7
Maces & Flails | |  2.6
Evocations     | |  2.0

Action                   |  1- 3 |  4- 6 |  7- 9 | 10-12 | 13-15 | 16-18 | 19-21 | 22-24 | 25-27 || total
-------------------------+-------+-------+-------+-------+-------+-------+-------+-------+-------++-------
Melee: Mace              |   127 |   172 |       |       |       |       |       |       |       ||   299
       Quarterstaff      |       |    54 |   349 |  1252 |       |       |       |       |       ||  1655
       Demon trident     |       |       |       |   127 |  1635 |  2156 |  2535 |  3273 |  9731 || 19457
 Cast: Lee's Rapid Decon |       |       |       |       |       |       |       |     5 |     8 ||    13
       Bolt of Magma     |       |       |       |       |       |       |       |       |     3 ||     3
       Apportation       |       |       |       |       |       |       |       |       |     1 ||     1
Invok: Shadow Form       |       |       |       |       |       |       |       |       |    19 ||    19
 Abil: Evoke Flight      |       |       |       |       |       |       |       |       |     2 ||     2
Evoke: Wand              |       |       |       |    11 |       |     7 |     2 |     9 |     8 ||    37
       Lamp of fire      |       |       |       |       |       |       |       |     1 |     4 ||     5
       Sack of spiders   |       |       |       |       |       |       |       |       |     1 ||     1
  Use: Scroll            |     6 |       |     8 |    10 |    11 |    23 |    12 |     8 |    86 ||   164
       Potion            |     3 |     1 |       |    14 |     2 |     1 |     1 |    10 |    45 ||    77
 Stab: Sleeping          |     1 |       |       |       |       |       |       |       |    86 ||    87
       Distracted        |       |       |       |       |     1 |     5 |     4 |     7 |    63 ||    80
       Confused          |       |       |       |       |     2 |     1 |       |       |     2 ||     5
       Invisible         |       |       |       |       |       |       |       |       |    93 ||    93
  Eat: Chunk             |     3 |     7 |    15 |    40 |    36 |    30 |    21 |    29 |    50 ||   231
       Ration            |       |       |       |     5 |     5 |     3 |     3 |     6 |    25 ||    47
Armor: Scale mail        |    74 |   154 |   155 |   194 |       |       |       |       |       ||   577
       Chain mail        |       |       |       |   646 |   434 |   385 |       |       |       ||  1465
       Crystal plate arm |       |       |       |       |       |    15 |   598 |   684 |  2000 ||  3297
Dodge: Dodged            |    78 |   157 |   301 |  1123 |   718 |   623 |   427 |   750 |  2938 ||  7115
Block: Buckler           |       |       |       |       |   210 |   288 |   340 |   491 |  1578 ||  2907
       Reflection        |       |       |       |       |     7 |     3 |       |       |       ||    10
       Shield            |       |       |       |       |       |       |       |       |  1395 ||  1395
       Large shield      |       |       |       |       |       |       |       |       |   372 ||   372

Table legend:
 A = Non-vault XP
 B = Vault XP
 C = Vault XP percentage of total XP
 D = Non-vault monster count
 E = Vault monster count
 F = Vault count percentage of total count
                 A         B        C        D         E       F
            +---------+---------+-------+---------+---------+-------
      Total | 2034425 |  720696 |  26.2 |    3623 |     987 |  21.4
            +---------+---------+-------+---------+---------+-------
        D:1 |      28 |       0 |   0.0 |      16 |       0 |   0.0
        D:2 |      19 |       2 |   9.5 |      12 |       1 |   7.7
        D:3 |      52 |     146 |  73.7 |      15 |      19 |  55.9
        D:4 |     376 |       0 |   0.0 |      16 |       0 |   0.0
        D:5 |     639 |       0 |   0.0 |      12 |       0 |   0.0
        D:6 |     340 |     863 |  71.7 |      13 |       2 |  13.3
        D:7 |    1736 |      38 |   2.1 |      39 |       6 |  13.3
        D:8 |    1663 |       0 |   0.0 |      13 |       0 |   0.0
        D:9 |    4445 |     199 |   4.3 |      36 |       1 |   2.7
       D:10 |    3346 |     861 |  20.5 |      28 |       3 |   9.7
       D:11 |    7159 |    2962 |  29.3 |      69 |      13 |  15.9
       D:12 |    3696 |    1074 |  22.5 |      22 |       1 |   4.3
       D:13 |   10215 |       0 |   0.0 |      40 |       0 |   0.0
       D:14 |    7014 |    3936 |  35.9 |      23 |      19 |  45.2
       D:15 |    8379 |    4661 |  35.7 |      25 |       8 |  24.2
     Lair:1 |    5164 |     428 |   7.7 |      18 |       2 |  10.0
     Lair:2 |    4578 |     900 |  16.4 |      16 |       2 |  11.1
     Lair:3 |    4225 |       0 |   0.0 |      20 |       0 |   0.0
     Lair:4 |   10848 |    6701 |  38.2 |      32 |      18 |  36.0
     Lair:5 |    7673 |    2491 |  24.5 |      27 |      10 |  27.0
     Lair:6 |   11765 |   12662 |  51.8 |      37 |      49 |  57.0
    Swamp:1 |   11520 |    4235 |  26.9 |      21 |       3 |  12.5
    Swamp:2 |    7384 |       0 |   0.0 |      26 |       0 |   0.0
    Swamp:3 |   14013 |       0 |   0.0 |      30 |       0 |   0.0
    Swamp:4 |   13820 |   24221 |  63.7 |      25 |      44 |  63.8
   Spider:1 |   14939 |    2080 |  12.2 |      49 |       6 |  10.9
   Spider:2 |    5056 |   12035 |  70.4 |      19 |      21 |  52.5
   Spider:3 |    8722 |       0 |   0.0 |      29 |       0 |   0.0
   Spider:4 |   17721 |   19067 |  51.8 |      55 |      41 |  42.7
    Slime:1 |   10887 |       0 |   0.0 |      22 |       0 |   0.0
    Slime:2 |   13876 |       0 |   0.0 |      32 |       0 |   0.0
    Slime:3 |    6598 |       0 |   0.0 |      10 |       0 |   0.0
    Slime:4 |   23370 |    5534 |  19.1 |      54 |       4 |   6.9
    Slime:5 |   10325 |   23726 |  69.7 |      24 |      10 |  29.4
      Orc:1 |    2239 |    5886 |  72.4 |      33 |      17 |  34.0
      Orc:2 |    1346 |    3903 |  74.4 |      15 |      18 |  54.5
      Elf:1 |    8237 |    8589 |  51.0 |      13 |      13 |  50.0
      Elf:2 |   18699 |   21847 |  53.9 |      30 |      27 |  47.4
      Elf:3 |    8314 |   24920 |  75.0 |      15 |      20 |  57.1
   Vaults:1 |   22206 |    7309 |  24.8 |      48 |      16 |  25.0
   Vaults:2 |   38088 |    7862 |  17.1 |      56 |      13 |  18.8
   Vaults:3 |   30928 |   30087 |  49.3 |      60 |      42 |  41.2
   Vaults:4 |   19332 |   19500 |  50.2 |      31 |      21 |  40.4
   Vaults:5 |   29749 |  108440 |  78.5 |      44 |      86 |  66.2
    Crypt:1 |   13719 |       0 |   0.0 |      27 |       0 |   0.0
    Crypt:2 |   24782 |       0 |   0.0 |      42 |       0 |   0.0
    Crypt:3 |       0 |   57352 | 100.0 |       0 |      96 | 100.0
   Depths:1 |   28072 |    2180 |   7.2 |      56 |       4 |   6.7
   Depths:2 |   29180 |    2331 |   7.4 |      38 |      13 |  25.5
   Depths:3 |   43622 |   54906 |  55.7 |      54 |      47 |  46.5
   Depths:4 |   20002 |    5338 |  21.1 |      25 |       7 |  21.9
   Depths:5 |   29689 |   28166 |  48.7 |      33 |      30 |  47.6
       Hell |   13480 |   29997 |  69.0 |      18 |      46 |  71.9
      Geh:1 |   50530 |       0 |   0.0 |     109 |       0 |   0.0
      Geh:2 |   40715 |       0 |   0.0 |     107 |       0 |   0.0
      Geh:3 |   31223 |       0 |   0.0 |      84 |       0 |   0.0
      Geh:4 |    9830 |       0 |   0.0 |      26 |       0 |   0.0
      Geh:5 |   10400 |       0 |   0.0 |      24 |       0 |   0.0
      Geh:6 |   22924 |       0 |   0.0 |      42 |       0 |   0.0
      Geh:7 |   18048 |   30662 |  62.9 |      30 |      30 |  50.0
      Coc:1 |    7637 |       0 |   0.0 |      17 |       0 |   0.0
      Coc:2 |     219 |       0 |   0.0 |       1 |       0 |   0.0
      Coc:3 |    5158 |       0 |   0.0 |      14 |       0 |   0.0
      Coc:4 |     719 |       0 |   0.0 |       3 |       0 |   0.0
      Coc:5 |    2389 |       0 |   0.0 |       6 |       0 |   0.0
      Coc:6 |    3358 |       0 |   0.0 |       2 |       0 |   0.0
      Coc:7 |   20114 |   27625 |  57.9 |      40 |      16 |  28.6
      Tar:1 |   55431 |       0 |   0.0 |     117 |       0 |   0.0
      Tar:2 |   10284 |       0 |   0.0 |      16 |       0 |   0.0
      Tar:3 |    4826 |       0 |   0.0 |      12 |       0 |   0.0
      Tar:4 |    8407 |       0 |   0.0 |      13 |       0 |   0.0
      Tar:5 |   10009 |       0 |   0.0 |      25 |       0 |   0.0
      Tar:6 |   26913 |       0 |   0.0 |      45 |       0 |   0.0
      Tar:7 |   99153 |   54215 |  35.3 |     115 |      58 |  33.5
      Zot:1 |   49117 |       0 |   0.0 |      32 |       0 |   0.0
      Zot:2 |   57808 |    6783 |  10.5 |      40 |       4 |   9.1
      Zot:3 |   69727 |     580 |   0.8 |      53 |       1 |   1.9
      Zot:4 |   37743 |    4743 |  11.2 |      26 |       2 |   7.1
    Abyss:1 |   71453 |   21269 |  22.9 |     135 |      10 |   6.9
    Abyss:2 |   29599 |       0 |   0.0 |      86 |       0 |   0.0
    Abyss:3 |  105956 |    8743 |   7.6 |     249 |      27 |   9.8
      Zig:1 |     350 |       0 |   0.0 |       5 |       0 |   0.0
      Zig:2 |     928 |       0 |   0.0 |       5 |       0 |   0.0
      Zig:3 |    3888 |       0 |   0.0 |       4 |       0 |   0.0
      Zig:4 |    4293 |       0 |   0.0 |       4 |       0 |   0.0
      Zig:5 |    5024 |       0 |   0.0 |      13 |       0 |   0.0
      Zig:6 |    6905 |       0 |   0.0 |      11 |       0 |   0.0
      Zig:7 |   11339 |       0 |   0.0 |       9 |       0 |   0.0
      Zig:8 |    8800 |       0 |   0.0 |      14 |       0 |   0.0
      Zig:9 |   13672 |       0 |   0.0 |      18 |       0 |   0.0
     Zig:10 |   15199 |       0 |   0.0 |      18 |       0 |   0.0
     Zig:11 |   14890 |    1969 |  11.7 |      26 |       4 |  13.3
     Zig:12 |   23942 |   10784 |  31.1 |      23 |       3 |  11.5
     Zig:14 |   36638 |       0 |   0.0 |      36 |       0 |   0.0
     Zig:15 |   19607 |       0 |   0.0 |       8 |       0 |   0.0
     Zig:16 |   30535 |    2011 |   6.2 |      35 |       4 |  10.3
     Zig:17 |    6237 |       0 |   0.0 |      11 |       0 |   0.0
     Zig:18 |   33725 |    2392 |   6.6 |      43 |       4 |   8.5
     Zig:19 |   45792 |     131 |   0.3 |      55 |       4 |   6.8
     Zig:20 |   12880 |       0 |   0.0 |      10 |       0 |   0.0
     Zig:21 |   47872 |       0 |   0.0 |      45 |       0 |   0.0
     Zig:22 |   42677 |    1119 |   2.6 |      51 |       2 |   3.8
     Zig:23 |   59621 |       0 |   0.0 |      51 |       0 |   0.0
     Zig:24 |    1927 |       0 |   0.0 |       6 |       0 |   0.0
     Zig:25 |   15113 |       0 |   0.0 |      19 |       0 |   0.0
     Zig:26 |     672 |       0 |   0.0 |       2 |       0 |   0.0
     Zig:27 |   78934 |       0 |   0.0 |      69 |       0 |   0.0
      Sewer |       0 |     235 | 100.0 |       0 |      19 | 100.0
            +---------+---------+-------+---------+---------+-------
